 Dungeon Crawl Stone Soup version 5.7-8-g3a8b389 (webtiles) character file.

6044 dosdaos the Demonologist (level 27, -25/207 HPs) *CASUAL*
             Began as a Demonspawn Skald on Oct 6, 2019.
             Was the Champion of Okawaru.
             Annihilated by an acid robin (41 damage)
             ... on level 1 of the Realm of Zot on Oct 7, 2019.
             The game lasted 03:32:43 (37204 turns).

dosdaos the Demonologist (Demonspawn Skald)        Turns: 37204, Time: 03:32:44

Health: -25/207    AC: 38 (19%)Str: 23  XL:     27
Magic:  0/45       EV: 31    Int: 31    God:    Okawaru [6*[172]]
Gold:   3465       SH: 21    Dex: 18    Spells: 12/60 levels left

rFire    + + .     SeeInvis .   N - +9 demon whip (freeze)
rCold    + + +     Faith    .   V - +0 shield {AC+3}
rNeg     + + .     Spirit   +   g - +4 troll leather armour
rPois    +         Reflect  +   d - +2 hat {Int+3}
rElec    +                      f - +1 cloak "Jeamp" {rN++ Slay+3}
rCorr    .                      E - +2 pair of gloves
MR       +++..                  (boots unavailable)
Stlth    +.........             v - amulet of Moklumim {Spirit rElec rC+++ Str-3 Int+3}
Regen    1.6/turn               k - ring "Liewirgha" {Wiz rPois rF+ Str+4}
MPRegen  0.4/turn               h - ring of Xom's Capriciousness {rF+ MR+ Int+5 Dex+3}

@: finesse, corroded, slightlycontaminated, regenerating, glowing, studying 3
skills, spectral weapon, icy armour
A: hooves 3, iridescent scales 3, cold resistance 1, demonic guardian 3, hurl
damnation, frail 1, ignite blood 2, shaggy fur, strong, crystal skin,
reflection, reflection
}: 7/9 runes: serpentine, slimy, silver, demonic, glowing, magical, dark
a: End Regeneration, End Ozocubu's Armour, Stop Singing, End Spectral Weapon,
Hurl Damnation, Finesse, Renounce Religion


You were on level 1 of the Realm of Zot.
You worshipped Okawaru.
Okawaru was exalted by your worship.
You were not hungry.

You visited 8 branches of the dungeon, and saw 31 of its levels.
You visited Pandemonium 1 time, and saw 5 of its levels.
You visited the bazaar 5 times.
You also visited: Ossuary, Ice Cave and Elven Halls.

You collected 5683 gold pieces.
You spent 2218 gold pieces at shops.

Inventory:

Hand Weapons
 n - the +10 morningstar "Eos" {elec, Halo rElec}
   (You took it off a deep elf high priest in the Elven Halls)

   Occasionally, upon striking a foe, it will discharge some electrical energy
   and cause terrible harm.
   It insulates you from electricity.
 F - the +9 staff of Olgreb {rPois}
   (You found it on level 8 of the Dungeon)

   It protects you from poison.
 N - a +9 demon whip of freezing (weapon)
   (You acquired it in a bazaar)
Missiles
 a - 54 frenzy darts
 G - 49 javelins of penetration (quivered)
 S - 5 curare darts
Armour
 d - a +2 hat of intelligence (worn)
   (You took it off Gastronok on level 1 of the Orcish Mines)
 f - the +1 cloak "Jeamp" (worn) {rN++ Slay+3}
   (You found it in Pandemonium)

   It affects your accuracy and damage with ranged weapons and melee attacks
   (+3).
   It greatly protects you from negative energy.
 g - a +4 troll leather armour (worn)
   (You found it on level 10 of the Dungeon)
 E - a +2 pair of gloves (worn)
   (You found it on level 10 of the Dungeon)
 M - a +2 large shield
   (You took it off a daeva in Pandemonium)
 V - a +0 shield of protection (worn)
   (You bought it in a shop in a bazaar)
 W - a +2 cloak of magic resistance {god gift}
   (Okawaru gifted it to you on level 1 of the Orcish Mines)
Jewellery
 h - the ring of Xom's Capriciousness (right hand) {rF+ MR+ Int+5 Dex+3}
   (You bought it in a shop in a bazaar)

   [ring of intelligence]

   It affects your intelligence (+5).
   It affects your dexterity (+3).
   It protects you from fire.
   It affects your resistance to hostile enchantments.
 j - an uncursed ring of resist corrosion
   (You found it on level 3 of the Vaults)
 k - the ring "Liewirgha" (left hand) {Wiz rPois rF+ Str+4}
   (You took it off a deep elf demonologist in the Elven Halls)

   [ring of wizardry]

   It improves your spell success rate.
   It affects your strength (+4).
   It protects you from fire.
   It protects you from poison.
 v - the amulet of Moklumim (around neck) {Spirit rElec rC+++ Str-3 Int+3}
   (You found it on level 5 of the Dungeon)

   [amulet of guardian spirit]

   It causes incoming damage to be split between your health and magic.
   It affects your strength (-3).
   It affects your intelligence (+3).
   It renders you almost immune to cold.
   It insulates you from electricity.
 A - the ring "Loseoroo" {rElec rF+ AC+3}
   (You acquired it on level 3 of the Pits of Slime)

   [ring of protection]

   It affects your AC (+3).
   It protects you from fire.
   It insulates you from electricity.
 D - the ring of the Mage {Wiz MR++ Int+3}
   (You found it on level 3 of the Pits of Slime)

   [ring of wizardry]

   It improves your spell success rate.
   It affects your intelligence (+3).
   It affects your resistance to hostile enchantments.
 Y - an uncursed ring of positive energy
   (You found it on level 3 of the Vaults)
 Z - the ring of the Cool Runes {+Blink MR+ Int+2}
   (You took it off a frost giant on level 3 of the Vaults)

   [ring of protection from magic]

   It affects your intelligence (+2).
   It affects your resistance to hostile enchantments.
   It lets you blink.
Wands
 r - a wand of flame (13)
 t - a wand of lightning (17)
 O - a wand of iceblast (14)
Scrolls
 e - 7 scrolls of teleportation
 i - 13 scrolls of amnesia
 l - 4 scrolls of enchant weapon
 o - 3 scrolls of magic mapping
 q - 3 scrolls of immolation
 s - 2 scrolls of fog
 u - 5 scrolls of fear
 B - 6 scrolls of summoning
 X - 3 scrolls of enchant armour
Potions
 b - 5 potions of heal wounds
 c - 6 potions of lignification
 m - 11 potions of ambrosia
 x - 7 potions of augmentation
 z - 2 potions of resistance
 H - 3 potions of berserk rage
 J - 3 potions of haste
 K - 4 potions of mutation
 P - 2 potions of cancellation
 U - 2 potions of invisibility
Miscellaneous
 w - 5 boxes of beasts
 y - a disc of storms
   (You found it on level 2 of the Snake Pit)
 L - a phial of floods (inert)
   (You found it on level 3 of the Pits of Slime)
 T - a lamp of fire
   (You found it on level 15 of the Dungeon)


   Skills:
 - Level 22.2(27) Fighting
 - Level 21.1(26.1) Maces & Staves
 - Level 17.0(22.0) Armour
 - Level 17.0(22.0) Dodging
 - Level 11.0(16.0) Shields
 * Level 16.0 Charms
 - Level 25.0 Summonings
 - Level 6.0 Necromancy
 - Level 12.0 Translocations
 - Level 6.0 Ice Magic
 - Level 15.0 Invocations
 + Level 12.6 Evocations


You had 12 spell levels left.
You knew the following spells:

 Your Spells              Type           Power        Failure   Level  Hunger
b - Infusion              Chrm           25 (25)      0%          1    N/A
c - Regeneration          Chrm/Necr      62 (200)     1%          3    N/A
d - Song of Slaying       Chrm           79 (100)     0%          2    N/A
e - Spectral Weapon       Chrm/Summ      91 (100)     1%          5    N/A
f - Summon Demon          Summ           101 (200)    0%          5    N/A
g - Shadow Creatures      Summ           N/A          1%          6    N/A
h - Monstrous Menagerie   Summ           101 (200)    1%          7    N/A
A - Summon Horrible Thin  Summ           101 (200)    1%          8    N/A
G - Malign Gateway        Summ/Tloc      86 (200)     1%          7    N/A
P - Ozocubu's Armour      Chrm/Ice       62 (100)     1%          4    N/A

Your spell library contained the following spells:

 Spells                   Type           Power        Failure   Level  Hunger
 Magic Dart               Air            0 (25)       4%          1    N/A
 Fireball                 Fire           0 (200)      69%         5    N/A
 Apportation              Tloc           65 (1000)    1%          1    N/A
 Conjure Flame            Fire/Air       0 (100)      12%         3    N/A
 Bolt of Fire             Fire           0 (200)      99%         6    N/A
 Slow                     Hex            0 (100)      6%          2    N/A
 Haste                    Chrm           79 (200)     99%         9    N/A
 Freezing Cloud           Ice/Air        18 (200)     83%         6    N/A
 Mephitic Cloud           Hex/Air        0 (100)      34%         4    N/A
 Ring of Flames           Chrm/Fire      49 (200)     73%         7    N/A
 Olgreb's Toxic Radiance  Hex            0 (100)      69%         5    N/A
 Teleport Other           Tloc           65 (100)     1%          3    N/A
 Summon Small Mammal      Summ           25 (25)      0%          1    N/A
 Bolt of Draining         Necr           37 (200)     9%          5    N/A
 Fire Storm               Fire           0 (200)      100%        9    N/A
 Blink                    Tloc           N/A          1%          2    N/A
 Animate Dead             Necr           37 (200)     3%          4    N/A
 Pain                     Necr           25 (25)      1%          1    N/A
 Control Undead           Necr           37 (200)     3%          4    N/A
 Vampiric Draining        Necr           37 (200)     1%          3    N/A
 Freeze                   Ice            25 (25)      1%          1    N/A
 Ozocubu's Refrigeration  Ice            37 (200)     93%         7    N/A
 Summon Ice Beast         Ice/Summ       77 (100)     1%          4    N/A
 Call Imp                 Summ           100 (100)    0%          2    N/A
 Repel Missiles           Chrm/Air       49 (100)     1%          2    N/A
 Dispel Undead            Necr           37 (100)     9%          5    N/A
 Sublimation of Blood     Necr           37 (200)     1%          2    N/A
 Summon Greater Demon     Summ           101 (200)    1%          7    N/A
 Swiftness                Chrm/Air       49 (100)     1%          2    N/A
 Recall                   Summ/Tloc      N/A          0%          3    N/A
 Agony                    Necr           37 (100)     9%          5    N/A
 Spider Form              Tmut           0 (200)      12%         3    N/A
 Blade Hands              Tmut           0 (200)      69%         5    N/A
 Ice Form                 Ice/Tmut       18 (100)     12%         4    N/A
 Death Channel            Necr           37 (200)     43%         6    N/A
 Deflect Missiles         Chrm/Air       49 (200)     22%         6    N/A
 Throw Icicle             Ice            37 (100)     3%          4    N/A
 Airstrike                Air            0 (200)      34%         4    N/A
 Confusing Touch          Hex            0 (50)       4%          1    N/A
 Flame Tongue             Fire           0 (40)       4%          1    N/A
 Passwall                 Tmut/Erth      0 (200)      6%          2    N/A
 Ignite Poison            Fire/Tmut      0 (100)      12%         3    N/A
 Call Canine Familiar     Summ           100 (100)    0%          3    N/A
 Ensorcelled Hibernation  Hex/Ice        18 (50)      1%          2    N/A
 Metabolic Englaciation   Hex/Ice        18 (200)     30%         5    N/A
 Silence                  Hex/Air        0 (200)      34%         4    N/A
 Static Discharge         Air            0 (100)      12%         3    N/A
 Lee's Rapid Deconstruct  Erth           0 (200)      69%         5    N/A
 Sandblast                Erth           0 (25)       4%          1    N/A
 Conjure Ball Lightning   Air            0 (200)      100%        7    N/A
 Chain Lightning          Air            0 (200)      100%        8    N/A
 Excruciating Wounds      Chrm/Necr      62 (200)     1%          5    N/A
 Petrify                  Tmut/Erth      0 (100)      34%         4    N/A
 Passage of Golubria      Tloc           N/A          1%          4    N/A
 Orb of Destruction       Erth           0 (200)      100%        7    N/A
 Tornado                  Air            0 (200)      100%        9    N/A
 Leda's Liquefaction      Hex/Erth       0 (200)      34%         4    N/A
 Summon Hydra             Summ           101 (200)    1%          7    N/A
 Aura of Abjuration       Summ           101 (200)    0%          5    N/A
 Beastly Appendage        Tmut           0 (50)       4%          1    N/A
 Iskenderun's Battlesphe  Chrm/Summ      91 (100)     1%          5    N/A
 Fulminant Prism          Air            0 (200)      69%         5    N/A
 Force Lance              Tloc/Erth      37 (100)     1%          3    N/A
 Summon Forest            Summ/Tloc      86 (200)     1%          5    N/A
 Summon Lightning Spire   Summ/Air       67 (100)     1%          4    N/A
 Summon Guardian Golem    Hex/Summ       67 (100)     1%          3    N/A
 Spellforged Servitor     Summ           101 (200)    1%          7    N/A
 Summon Mana Viper        Hex/Summ       67 (100)     1%          5    N/A
 Hydra Form               Tmut           0 (200)      99%         6    N/A
 Cigotuvi's Embrace       Necr           37 (200)     43%         6    N/A
 Lesser Beckoning         Tloc           65 (100)     1%          3    N/A
 Ignition                 Fire           0 (200)      100%        8    N/A
 Piercing Shot            Chrm/Tloc      72 (200)     1%          5    N/A

Dungeon Overview and Level Annotations

Branches:
Dungeon (15/15) Snake (3/3) Orc:2 Slime (3/3) Orc:2 Vaults:3 Orc (2/2) D:15 Vaults (3/3) D:15 Snake:3 Depths (3/3) D:15 Slime:3 Vaults:3 Zot (1/5) Depths:3 Bazaar (1/1) D:11 Swamp: Orc:2 Shoals: Orc:2

Altars:
Cheibriados
Dithmenos
Elyvilon
Gozag
Jiyva
Kikubaaqudgha
Lugonu
Makhleb
Nemelex Xobeh
Okawaru
Qazlal
Ru
Sif Muna
Trog
Uskayaw
Vehumet
Wu Jian
Xom
Yredelemnul
Zin
The Shining One

Shops:
Bazaar *[??([*[*[[(=(

Portals:
Pandemonium: Depths:3


Innate Abilities, Weirdness & Mutations

You have hooves in place of feet.
You are completely covered in iridescent scales. (AC +6)
A powerful demonic guardian rushes to your aid.
You can hurl damnation.
Your demonic aura causes spilled blood to erupt in flames.
Your crystalline skin blocks enemy attacks. (SH +6)
Your crystalline skin reflects projectiles.
Your crystalline skin reflects hostile magic. (0% chance)
Your flesh is cold resistant. (rC+)
You are frail. (-10% HP)
You are covered in thick fur. (AC +4)
Your muscles are strong. (Str +5)


Message History

Your spectral weapon is engulfed in blazing flames (1). x2
Your spectral weapon hits the apis (11)!
Your spectral weapon freezes the apis (1).
The apis is engulfed in blazing flames (5).
The apis gores your spectral weapon (6).
The apis misses you.
You catch the helpless apis completely off-guard!
You whack the apis (15)! You freeze the apis (3). You kick the apis (11)!
You kill the apis!
Okawaru accepts your kill.
Your base Maces & Staves skill increases to level 21!
Your Charms skill increases to level 14!
Your spectral weapon is engulfed in blazing flames (1).
You barely miss the apis. You kick the apis (4).
The apis is lightly wounded.
Your spectral weapon is engulfed in blazing flames (2).
Your spectral weapon hits the apis (12)!
Your spectral weapon freezes the apis (6).
The apis is engulfed in blazing flames (11).
The apis gores you (7)! The apis sears you (30)!!
You whack the apis (15)! You freeze the apis (6).
The apis is heavily wounded.
Your spectral weapon hits the apis (12)!
Your spectral weapon freezes the apis (1).
You whack the apis (8)! You freeze the apis (3).
You kick the apis, but do no damage.
The apis is severely wounded.
Your spectral weapon hits the apis (11)!
Your spectral weapon freezes the apis (4).
The apis is engulfed in blazing flames (8).
The apis barely misses you.
You hit the apis (2). You freeze the apis (1). You kick the apis (6).
The apis is almost dead.
Your spectral weapon hits the apis (4).
Your spectral weapon freezes the apis (2).
You hit the apis but do no damage. You kick the apis (5).
You kill the apis!
Okawaru accepts your kill.
No target in view!
No target in view! 2 apis come into view.
There are monsters nearby!
There are monsters nearby!
There are monsters nearby!
A pearl dragon comes into view.
The pearl dragon roars deafeningly!
There is an open door here.
The pearl dragon breathes cleansing flame at you.
The blast of cleansing flame engulfs the apis (0).
The apis completely resists.
The apis gores you but does no damage. x2
Found a potion of heal wounds and a potion of berserk rage.
You barely miss the apis.
You are engulfed in blessed fire (0).
You whack the apis (9)! You freeze the apis (3). You kick the apis (7)!
The apis is lightly wounded.
You are engulfed in blessed fire (0).
The apis misses you. You block the apis's attack.
You thrash the apis (20)!! You freeze the apis (1). Your kick misses the apis.
The apis is moderately wounded.
You are engulfed in blessed fire (11).
Casting: Malign Gateway (safe; 1% risk of failure)
Confirm with . or Enter, or press ? or * to list all spells.
You are engulfed in blessed fire (0).
Your Executioner is engulfed in blessed fire (8).
Your Executioner hits the apis (7)! Your Executioner hits the apis (4).
Your Executioner hits the apis (2). The pearl dragon completely misses you.
You block the pearl dragon's attack. The apis gores you but does no damage.
You block the apis's attack.
The pearl dragon bites you but does no damage.
The pearl dragon closely misses you.
Your Executioner is engulfed in blessed fire (6).
Your Executioner hits the apis but does no damage. x2
Your Executioner hits the apis (3).
Found a potion of augmentation.
Casting: Summon Horrible Things (safe; 1% risk of failure)
Confirm with . or Enter, or press ? or * to list all spells.
Your Executioner hits the apis (21)!! Your Executioner hits the apis (4).
Your Executioner closely misses the apis.
The apis gores you but does no damage.
The apis is engulfed in blazing flames (19).
The apis misses you.
The pearl dragon breathes cleansing flame at you.
The blast of cleansing flame misses you.
Your large abomination is engulfed in blessed fire (15).
Your large abomination barely misses the apis.
Your large abomination is engulfed in blazing flames (12).
Your large abomination hits the apis (15)!
Your Executioner is engulfed in blessed fire (5).
Your Executioner hits the apis (18)!!
Your Executioner hits the apis but does no damage.
Your Executioner hits the apis (2). You whack the pearl dragon (15)!
You freeze the pearl dragon (4). Your kick misses the pearl dragon.
The pearl dragon is lightly wounded.
You are engulfed in blessed fire (2).
Your spectral weapon is engulfed in blessed fire (1).
Your large abomination misses the pearl dragon.
The apis gores you (1). The apis sears you (30)!!
Your spectral weapon is engulfed in blessed fire (1).
The apis is engulfed in blazing flames (15).
The apis gores your large abomination (36)!!!
Your large abomination is destroyed!
Your Executioner is engulfed in blessed fire (9).
Your Executioner hits the apis (23)!! Your Executioner hits the apis (7)!
Your Executioner barely misses the apis.
You miss the pearl dragon. Your kick misses the pearl dragon.
The pearl dragon is lightly wounded.
You are engulfed in blessed fire (0).
Your spectral weapon is engulfed in blessed fire (4).
You block the pearl dragon's attack. x2
Your large abomination hits the apis (1).
Your large abomination is engulfed in blessed fire (10).
Your large abomination hits the pearl dragon (12)!
Your Executioner is engulfed in blessed fire (1).
Your Executioner hits the apis (9)! Your Executioner hits the apis (6).
Your Executioner hits the apis but does no damage.
You whack the pearl dragon (8)! You freeze the pearl dragon (3).
You kick the pearl dragon (12)!
The pearl dragon is heavily wounded.
Your spectral weapon is engulfed in blessed fire (3).
Your large abomination hits the pearl dragon (19)!!
The apis is engulfed in blazing flames (14).
The apis gores your Executioner (19)!! The apis sears your Executioner (30)!!
Your Executioner dies!
The apis is engulfed in blazing flames (10).
The apis gores you (20)!! The apis sears you (30)!!
* * * LOW HITPOINT WARNING * * *
Your spectral weapon is engulfed in blessed fire (1).
Your large abomination is engulfed in blessed fire (14).
Your large abomination hits the pearl dragon (18)!!
Your large abomination is engulfed in blessed fire (5).
Your large abomination barely misses the pearl dragon.
Your large abomination is engulfed in blessed fire (5).
The pearl dragon bites you but does no damage.
You block the pearl dragon's attack.
Really walk into that cloud of blessed fire?
Okay, then.
Unknown command.
Unknown command.
Unknown command.
You thrash the pearl dragon (26)!! You freeze the pearl dragon (5).
You kill the pearl dragon!
Okawaru accepts your kill.
Your Summonings skill increases to level 25!
Your spectral weapon is engulfed in blessed fire (3).
Your large abomination hits the apis (30)!!
The apis dies!
Okawaru accepts your kill.
Your large abomination is engulfed in blessed fire (7).
Your spectral weapon is engulfed in blazing flames (2).
Your spectral weapon is engulfed in blazing flames (1).
The apis is engulfed in blazing flames (9).
You block the apis's attack.
Your large abomination hits the apis (4).
The apis dies!
Okawaru accepts your kill.
Your large abomination is engulfed in blazing flames (10).
Found a potion of heal wounds.
You are too injured to fight recklessly!
You are too injured to fight recklessly!
You are too injured to fight recklessly!
You swap places.
Your spectral weapon is engulfed in blazing flames (2). x2
Your large abomination is engulfed in blazing flames (6).
Your spectral weapon is engulfed in blazing flames (1).
Your large abomination is engulfed in blazing flames (2).
Your large abomination disappears in a puff of smoke!
Your spectral weapon is engulfed in blazing flames (2).
Your spectral weapon is engulfed in blazing flames (1).
Your large abomination is engulfed in blazing flames (3).
There is an open door here.
Your large abomination is engulfed in blazing flames (8).
Your large abomination is engulfed in blazing flames (3).
Your large abomination is engulfed in blazing flames (16).
Your large abomination is engulfed in blazing flames (8).
Your large abomination is engulfed in blazing flames (14).
H - 3 potions of berserk rage (gained 1)
You swap places.
You swap places.
There is an open door here.
You swap places.
Your large abomination is engulfed in blazing flames (6).
There is an open door here.
You feel your bond with your spectral weapon wane.
x - 7 potions of augmentation (gained 1)
You swap places.
There is an open door here.
You swap places.
There is an open door here.
b - 4 potions of heal wounds (gained 2)
Your large abomination disappears in a puff of smoke!
b - 5 potions of heal wounds (gained 1)
Your large abomination disappears in a puff of smoke!
b - 6 potions of heal wounds (gained 1)
Your large abomination disappears in a puff of smoke!
Partly explored, can't reach some items and places.
Partly explored, can't reach some items and places.
There is an open door here.
Your large abomination disappears in a puff of smoke!
There is an open door here.
Your large abomination disappears in a puff of smoke!
There is an open door here.
You enter the deep water.
You start swimming.
Moving in this stuff is going to be slow.
You start resting.
HP restored.
You enter the deep water.
You start swimming.
Moving in this stuff is going to be slow.
There is a white marble altar of Elyvilon here.
You enter the deep water.
You start swimming.
Moving in this stuff is going to be slow.
There is an open door here.
There is an open door here.
There is an open door here.
There is an open door here.
Items here: )) [[ a +5 long sword of holy silver; a +2 large shield; a +2 scimitar of holy silver a +0 large shield
There is an open door here.
A daeva comes into view.
It is wielding a +2 long sword of holy silver.
The daeva shouts!
The daeva calls down the wrath of the Shining One upon you.
The Shining One smites you (14)! The daeva blocks your attack. x2
The daeva calls down the wrath of the Shining One upon you.
The Shining One smites you (14)!
You draw out your weapon's spirit!
You hit the daeva but do no damage. Your kick misses the daeva.
The daeva blocks your attack. x2; The daeva misses you.
You block the daeva's attack.
You thrash the daeva (19)!! You freeze the daeva (8)!
The daeva blocks your attack.
The daeva is moderately wounded.
The daeva blocks your attack.
Your kick misses the daeva.
The daeva is moderately wounded.
You hit the daeva (3). You freeze the daeva (1). Your kick misses the daeva.
The daeva is moderately wounded.
The daeva hits you with a +2 long sword of holy silver (9)!
You convulse (2).
You block the daeva's attack. The daeva blocks your attack.
You kick the daeva (4).
The daeva is moderately wounded.
You hit the daeva but do no damage. You kick the daeva (2).
The daeva is moderately wounded.
The daeva hits you but does no damage. You block the daeva's attack.
Your spectral weapon is engulfed in blazing flames (2). x2
You whack the daeva (10)! You freeze the daeva (1).
The daeva blocks your attack.
The daeva is moderately wounded.
Your spectral weapon is engulfed in blazing flames (1).
Your spectral weapon closely misses the daeva.
The daeva misses you. You block the daeva's attack.
You thrash the daeva (21)!! You freeze the daeva (3).
The daeva is severely wounded.
Your spectral weapon is engulfed in blazing flames (2).
Your spectral weapon hits the daeva (2).
Your spectral weapon freezes the daeva (1).
The daeva blocks your attack.
The daeva is severely wounded.
Your spectral weapon is engulfed in blazing flames (1).
The daeva blocks your spectral weapon's attack.
The daeva hits you with a +2 long sword of holy silver (3).
You convulse (5).
You block the daeva's attack. The daeva blocks your attack.
The daeva is severely wounded.
Your spectral weapon is engulfed in blazing flames (1).
Your spectral weapon hits the daeva (4).
Your spectral weapon freezes the daeva (2).
Your spectral weapon is engulfed in blazing flames (1).
The daeva blocks your attack.
Your kick misses the daeva.
The daeva is severely wounded.
Your spectral weapon is engulfed in blazing flames (1).
Your spectral weapon hits the daeva (20)!!
Your spectral weapon freezes the daeva (8)!
The daeva closely misses your spectral weapon.
The daeva hits your spectral weapon but does no damage.
The daeva blocks your attack.
You strike the helpless daeva from behind!
You hit the daeva but do no damage. You kick the daeva (4).
The daeva is almost dead.
Your spectral weapon hits the daeva (13)!
Your spectral weapon freezes the daeva (2).
You kill the daeva!
Okawaru accepts your kill.
m - 11 potions of ambrosia (gained 5)
You now have 3465 gold pieces (gained 47).
Things that are here:
a +2 long sword of holy silver; a +0 robe; a +0 large shield Magic restored.
Things that are here:
a +3 rapier of flaming; a +0 shortbow Your spectral weapon fades away.
Things that are here:
a +5 eudemon blade of holy silver; a +0 large shield
Things that are here:
a +5 eudemon blade of holy silver; a +0 large shield
Things that are here:
a +5 eudemon blade of holy silver; a +0 large shield Partly explored, can't reach some items and places.
You enter the deep water.
You start swimming.
Moving in this stuff is going to be slow.
You open the door.
There is an open door here.
An angel and a daeva come into view.
The angel is wielding a +2 whip of holy silver.
The daeva is wielding a +4 scimitar of holy silver.
The angel shouts!
The daeva shouts!
Found a book of Minor Magic.
The daeva calls down the wrath of the Shining One upon you.
The Shining One smites you (13)!
You draw out your weapon's spirit!
You hit the angel but do no damage. Your kick misses the angel.
You thrash the angel (20)!! You freeze the angel (6).
Your kick misses the angel.
The angel is moderately wounded.
The angel barely misses you. The angel hits you but does no damage.
The daeva calls down the wrath of the Shining One upon you.
The Shining One smites you (14)!
You barely miss the angel. You kick the angel (3).
The angel is moderately wounded.
The angel hits you but does no damage. You block the angel's attack.
You whack the angel (10)! You freeze the angel (3). Your kick misses the angel.
The angel is heavily wounded.
The angel completely misses you. You block the angel's attack.
The daeva calls down the wrath of the Shining One upon you.
The Shining One smites you (9)!
You thrash the angel (18)!! You freeze the angel (4).
Your kick misses the angel.
The angel is severely wounded.
You thrash the angel (21)!! You freeze the angel (1).
Your kick misses the angel.
The angel is almost dead.
The angel closely misses you. You block the angel's attack.
You closely miss the angel.
The angel is almost dead.
You block the angel's attack. The angel barely misses you.
You closely miss the angel. You kick the angel (6).
The angel is almost dead.
You block the angel's attack. x2
You barely miss the angel. Your kick misses the angel.
The angel is almost dead.
You punish the angel, causing immense pain (43)!!!
You freeze the angel (1).
You kill the angel!
Okawaru accepts your kill.
You hit the daeva (6). You freeze the daeva (2). The daeva blocks your attack.
The daeva is lightly wounded.
You hit the daeva (3). You freeze the daeva (2). You kick the daeva (4).
The daeva is lightly wounded.
The daeva hits you but does no damage. You block the daeva's attack.
The daeva blocks your attack.
You kick the daeva (8)!
The daeva is lightly wounded.
The daeva blocks your attack.
Your kick misses the daeva.
The daeva is lightly wounded.
You whack the daeva (15)! You freeze the daeva (2).
The daeva blocks your attack.
The daeva is moderately wounded.
The daeva hits you but does no damage. You block the daeva's attack.
The daeva blocks your attack.
Your kick misses the daeva.
The daeva is moderately wounded.
You whack the daeva (7)! You freeze the daeva (2).
The daeva is heavily wounded.
The daeva completely misses you. You block the daeva's attack.
You thrash the daeva (22)!! You freeze the daeva (6).
Your kick misses the daeva.
The daeva is severely wounded.
You thrash the daeva (29)!! You freeze the daeva (1).
The daeva blocks your attack.
The daeva is almost dead.
You whack the daeva (12)! You freeze the daeva (3).
You kill the daeva!
Okawaru accepts your kill.
Things that are here:
a +4 scimitar of holy silver; a +0 large shield; a +2 whip of holy silver You pick up a book of Minor Magic and begin reading...
You add the spell Slow to your library.
You swap places.
Things that are here:
a +4 scimitar of holy silver; a +0 large shield; a +2 whip of holy silver
There is an open door here.
Your spectral weapon fades away.
Partly explored, can't reach some items and places.
Partly explored, can't reach some items and places.
You enter the deep water.
You start swimming.
Moving in this stuff is going to be slow.
Partly explored, can't reach some items and places.
Search for what [Enter for "."]? .
Things that are here:
a +3 rapier of flaming; a +0 shortbow
There is an open door here.
Items here: )) [[ a +5 long sword of holy silver; a +2 large shield; a +2 scimitar of holy silver a +0 large shield
M - a +2 large shield
There is an open door here.
Drop what? 50/52 slots (_ for help) (? for menu, Esc to quit)
You drop 128 javelins.
Unknown command.
There is an open door here.
You see here 128 javelins.
Things that are here:
a +5 long sword of holy silver; a +2 scimitar of holy silver; a +0 large shield Unknown command.
There is an open door here.
You see here 128 javelins.
You drop a +2 large shield.
M - a +2 large shield Drop what? 49/52 slots (_ for help) (? for menu, Esc to quit)
You drop 5 potions of flight.
Unknown command.
Unknown command.
Unknown command.
Unknown command.
Saving game... please wait.
Warning: Bad auto_butcher value: very full (should be true or false) (~/.crawlrc:93) Welcome back, dosdaos the Demonspawn Skald.
You are playing on Casual difficulty.
Okawaru says: Bring me glory in combat!
Press ? for a list of commands and other information.
Partly explored, can't reach some items and places.
Search for what [? for help]? .
Unknown command.
Unknown command.
Search for what [Enter for "."]? large s Unknown command.
Unknown command.
Unknown command.
Magic restored.
There is an open door here.
You see here 128 javelins.
Things that are here:
a +5 long sword of holy silver; a +0 large shield; a +2 scimitar of holy silver
There is an open door here.
There is an open door here.
There is an open door here.
There is a gate leading out of Pandemonium here.
Unknown command.
Unknown command.
Unknown command.
Unknown command.
You pass through the gate.
Welcome back to the Depths!
There is a one-way gate leading to the halls of Pandemonium here.
Search for what [Enter for "large s", or ? for help]?
Unknown command.
Unknown command.
Search for what [Enter for "large s", or ? for help]? .
Unknown command.
Unknown command.
Unknown command.
Unknown command.
Done exploring.
You see here a +0 troll leather armour.
There is an open door here.
There is a gate to the Realm of Zot here.
Unknown command.
Unknown command.
Unknown command.
Okay, then.
Unknown command.
Unknown command.
You go down through the gate.
Welcome to the Realm of Zot! 2 acid robins and 3 zotlings come into view.
The acid robin screeches!
Unknown command.
Unknown command.
A zotling comes into view.
Aiming: Hurl Damnation
Press: ? - help, Shift-Dir - straight line, f - zotling
Aim: a zotling The sphere of damnation explodes!
The damnation engulfs the zotling (88).
You destroy the zotling!
Okawaru accepts your kill.
The damnation engulfs the acid robin (54).
The acid robin is heavily wounded.
The damnation engulfs the acid robin (9).
The acid robin is lightly wounded.
The damnation engulfs the zotling (121).
You destroy the zotling!
Okawaru accepts your kill.
An acid robin comes into view. x2
Okay, then.
Unknown command.
Unknown command.
A zotbot comes into view.
A death cob comes into view.
Cast which spell? (? or * to list)
The death cob gives a chilling moan.
The zotling hits your lorocyproca (32)!!
The acid robin misses you.
The acid robin claws your large abomination (11)!
Your large abomination is splashed with acid (5).
The acid corrodes your large abomination!
An acid robin comes into view.
The acid robin claws you (10)!
You are splashed with acid!
The acid burns (10)!
The acid robin claws your large abomination (13)!
Your large abomination is splashed with acid (4).
Your lorocyproca strikes at the zotling from the darkness!
Your lorocyproca hits the zotling (11)!
Casting: Summon Horrible Things (safe; 1% risk of failure)
Confirm with . or Enter, or press ? or * to list all spells.
The dungeon shakes, a horrible noise fills the air, and a portal to some otherworldly place is opened!
The acid robin claws your large abomination (10)!
Your large abomination is splashed with acid (6).
The acid corrodes your large abomination!
The acid robin claws you but does no damage.
The zotling barely misses your large abomination.
Your lorocyproca hits the zotling (3).
The acid robin claws your large abomination (19)!!
Your large abomination is destroyed!
Your large abomination closely misses the acid robin.
You block the acid robin's attack.
Your tentacled monstrosity closely misses the acid robin.
Your tentacled monstrosity tentacle-slaps the acid robin but does no damage.
Your tentacled monstrosity misses the acid robin.
Your tentacled monstrosity grabs the acid robin.
Your tentacled monstrosity constricts the acid robin (8)!
Press: ? - help, v - describe, . - travel
Here: a zotbot The floor.
Unknown command.
You draw out your weapon's spirit!
You thrash the acid robin (21)!! You freeze the acid robin (5).
Your kick misses the acid robin.
The acid robin is severely wounded.
The death cob hits your tentacled monstrosity (1).
Your large abomination closely misses the acid robin.
The zotling barely misses your large abomination.
The zotbot hits your spectral weapon (21)!!
The acid robin is engulfed in blazing flames (2).
The acid robin struggles to escape constriction.
The acid robin is engulfed in blazing flames (3).
The acid robin barely misses you.
You thrash the acid robin (34)!! You freeze the acid robin (1).
You kill the acid robin!
Okawaru accepts your kill.
The death cob hits your tentacled monstrosity (15)!
The death cob drains your tentacled monstrosity's vigour!
Your tentacled monstrosity seems to slow down.
Your tentacled monstrosity is engulfed in blazing flames (6).
Your tentacled monstrosity closely misses the death cob.
Your tentacled monstrosity tentacle-slaps the death cob but does no damage.
Your tentacled monstrosity tentacle-slaps the death cob (2).
Your tentacled monstrosity constricts the acid robin (11)!
The acid robin is engulfed in blazing flames (3).
The acid robin misses your spectral weapon.
Your lorocyproca hits the zotling (3).
The death cob hits your tentacled monstrosity (22)!!
Casting: Malign Gateway (safe; 1% risk of failure)
Confirm with . or Enter, or press ? or * to list all spells.
Your spectral weapon is engulfed in blazing flames (2).
The death cob hits your tentacled monstrosity (29)!!
The death cob drains your tentacled monstrosity's vigour!
Your tentacled monstrosity seems to slow down.
Your spectral weapon is engulfed in blazing flames (1).
The zotling hits your large abomination (7)!
The zotbot hits your large abomination (3).
The acid robin is engulfed in blazing flames (3).
The acid robin misses your spectral weapon.
Your large abomination hits the zotling (9)!
Your spectral weapon is engulfed in blazing flames (2).
The death cob completely misses your tentacled monstrosity.
The zotling hits your large abomination but does no damage.
The zotbot hits your large abomination but does no damage.
Your eldritch tentacle completely misses the zotbot.
Your eldritch tentacle claws the zotbot (24)!!
The zotbot is engulfed in flames (14)!
The zotbot resists.
The zotling hits your tentacled monstrosity (12)!
The acid robin is engulfed in blazing flames (1).
The acid robin misses your spectral weapon.
You swap places.
The death cob hits your tentacled monstrosity (13)!
Your spectral weapon is engulfed in blazing flames (1).
The death cob hits your tentacled monstrosity (20)!!
The death cob drains your tentacled monstrosity's vigour!
Your tentacled monstrosity seems to slow down.
The acid robin is engulfed in blazing flames (2).
The acid robin claws your large abomination (1).
Your large abomination is splashed with acid (6).
The acid corrodes your large abomination!
Your large abomination hits the zotling (1).
The zotbot hits your large abomination (4).
The zotling hits your large abomination (2).
Your spectral weapon is engulfed in blazing flames (2).
Your large abomination is engulfed in blazing flames (22).
Your large abomination hits the acid robin (5).
Your tentacled monstrosity is engulfed in blazing flames (3).
Your tentacled monstrosity tentacle-slaps the death cob (15)!
Your tentacled monstrosity tentacle-slaps the death cob (2).
Your tentacled monstrosity tentacle-slaps the death cob but does no damage.
Your tentacled monstrosity constricts the acid robin (10)!
Your eldritch tentacle slaps the zotbot (28)!!
Your eldritch tentacle freezes the zotbot (15)!
The zotbot resists.
Your eldritch tentacle claws the zotbot (1).
The zotbot is engulfed in flames (12)!
The zotbot resists.
Your large abomination is engulfed in blazing flames (9).
Your large abomination hits the zotling (22)!!
Your lorocyproca hits the zotling (20)!!
The acid robin is engulfed in blazing flames (2).
The acid robin claws your large abomination (24)!!
Your large abomination is destroyed!
The death cob hits your tentacled monstrosity (20)!!
Your tentacled monstrosity dies!
The acid robin claws your lorocyproca (31)!!
Your lorocyproca is splashed with acid (2).
You swap places.
Your spectral weapon is engulfed in blazing flames (2).
Your spectral weapon is engulfed in blazing flames (3).
The acid robin claws your lorocyproca (25)!!
Your lorocyproca dies!
The acid robin is engulfed in blazing flames (2).
The acid robin claws your large abomination (12)!
Your large abomination is splashed with acid (2).
The zotbot hits your eldritch tentacle (20)!!
Your large abomination misses the acid robin.
Your eldritch tentacle barely misses the acid robin. x2
The death cob is engulfed in blazing flames (3).
The death cob hits your large abomination (12)!
The death cob drains your large abomination's vigour!
Your large abomination seems to slow down.
Your large abomination hits the acid robin (31)!!
Your large abomination is engulfed in blazing flames (12).
Your large abomination hits the acid robin (15)!
The acid robin is engulfed in blazing flames (2).
The acid robin barely misses your large abomination.
Your spectral weapon is engulfed in blazing flames (2).
The death cob is engulfed in blazing flames (2).
The zotling is engulfed in blazing flames (3).
The zotbot hits your eldritch tentacle (25)!!
You block the death cob's attack.
The acid robin claws your large abomination (29)!!
Your large abomination is splashed with acid (4).
The acid corrodes your large abomination!
The acid robin is engulfed in blazing flames (2).
The acid robin claws your large abomination but does no damage.
The acid robin is engulfed in blazing flames (3).
The acid robin barely misses your large abomination.
Your eldritch tentacle slaps the acid robin (15)!
Your eldritch tentacle completely misses the acid robin.
Your large abomination closely misses the acid robin.
Your large abomination is engulfed in blazing flames (4).
Your large abomination hits the acid robin (22)!!
The acid robin dies!
Okawaru accepts your kill.
Your Charms skill increases to level 15!
The zotbot hits your eldritch tentacle but does no damage.
The zotling is engulfed in blazing flames (5).
The zotling hits your large abomination but does no damage.
Your large abomination is engulfed in blazing flames (20).
You destroy your large abomination!
The acid robin is engulfed in blazing flames (3).
The acid robin claws your large abomination (15)!
Your large abomination is splashed with acid (6).
The acid corrodes your large abomination!
Your large abomination is destroyed!
The death cob hits you but does no damage.
You whack the death cob (10)! You freeze the death cob (2).
You kick the death cob, but do no damage.
The death cob is moderately damaged.
Your spectral weapon hits the death cob (6).
Your spectral weapon freezes the death cob (1).
Your eldritch tentacle slaps the zotbot (20)!!
Your eldritch tentacle freezes the zotbot (16)!
The zotbot resists.
The zotbot is destroyed!
Okawaru accepts your kill. The death cob completely misses you.
The acid robin is engulfed in blazing flames (3).
The acid robin claws you (19)!!
You are splashed with acid!
The acid burns (6)!
You whack the death cob (14)! You freeze the death cob (2).
You kick the death cob (9)!
The death cob is severely damaged.
Your spectral weapon hits the death cob (9)!
The death cob is engulfed in blazing flames (3).
The death cob hits you but does no damage.
The zotling is engulfed in blazing flames (10).
The zotling hits your large abomination (25)!!
Your large abomination is engulfed in blazing flames (13).
You destroy your large abomination!
Your large abomination is engulfed in blazing flames (4).
The acid robin is engulfed in blazing flames (2).
The acid robin claws your spectral weapon (24)!!
Your spectral weapon fades away.
The acid robin is engulfed in blazing flames (4).
Your eldritch tentacle slaps the zotling but does no damage.
Your eldritch tentacle claws the zotling (17)!
Your eldritch tentacle shocks the zotling (17)!
The acid robin closely misses you.
You whack the death cob (14)! You freeze the death cob (1).
You destroy the death cob!
Okawaru accepts your kill.
Your large abomination hits the acid robin but does no damage.
The acid robin is engulfed in blazing flames (2).
You block the acid robin's attack. The acid robin completely misses you.
Your large abomination hits the zotling (1).
The acid robin is engulfed in blazing flames (1).
The zotling hits your large abomination (21)!!
You miss the acid robin. Your kick misses the acid robin.
The acid robin is moderately wounded.
Your eldritch tentacle barely misses the zotling.
Your eldritch tentacle claws the zotling (22)!!
The zotling blinks!
Your large abomination hits the zotling (32)!!
The zotling is destroyed!
Okawaru accepts your kill.
A plutonium crab comes into view.
The acid robin is engulfed in blazing flames (3).
The acid robin claws you (7)!
You are splashed with acid!
The acid burns (7)!
You block the acid robin's attack.
The acid robin is engulfed in blazing flames (3).
The acid robin completely misses you.
You closely miss the acid robin. You kick the acid robin (13)!
The acid robin is moderately wounded.
Your large abomination hits the acid robin (28)!!
The acid robin is engulfed in blazing flames (2).
You block the acid robin's attack. x2; The acid robin completely misses you.
You miss the acid robin. You kick the acid robin (6).
The acid robin is severely wounded.
The acid robin is engulfed in blazing flames (1).
The acid robin claws you (25)!! The acid corrodes you!
You are splashed with acid!
The acid burns (7)!
The acid robin misses you.
The acid robin is engulfed in blazing flames (2).
You block the acid robin's attack.
You are too injured to fight recklessly!
You hit the acid robin but do no damage.
Your kick misses the acid robin.
The acid robin is severely wounded.
A moth of wrath comes into view.
Your large abomination hits the acid robin (3).
The acid robin is engulfed in blazing flames (3).
You block the acid robin's attack.
Your eldritch tentacle barely misses the acid robin.
Your eldritch tentacle claws the acid robin but does no damage.
The acid robin is engulfed in blazing flames (3).
You block the acid robin's attack. The acid robin closely misses you.
You miss the acid robin. Your kick misses the acid robin.
The acid robin is severely wounded.
Your large abomination hits the acid robin (22)!!
You block the acid robin's attack.
The acid robin is engulfed in blazing flames (3).
You block the acid robin's attack.
The acid robin is engulfed in blazing flames (3).
The acid robin claws your large abomination (22)!!
Your large abomination is splashed with acid (5).
The acid corrodes your large abomination!
You catch the helpless acid robin completely off-guard!
You hit the acid robin (5). You freeze the acid robin (1).
You kill the acid robin!
Okawaru accepts your kill.
Your Charms skill increases to level 16!
Your eldritch tentacle slaps the acid robin (4).
Your eldritch tentacle shocks the acid robin (18)!!
Your eldritch tentacle claws the acid robin (5).
The acid robin goes berserk!
The acid robin claws you (6). The acid corrodes you!
You are splashed with acid!
The acid burns (8)!
The acid robin is engulfed in blazing flames (2).
The acid robin claws your eldritch tentacle (11)!
Your eldritch tentacle is splashed with acid (0).
Wield which item (- for none, * to show all)? (? for menu, Esc to quit)
That's the wrong kind of item! (Use * to select it.) Wield which item (- for none, * to show all)? (? for menu, Esc to quit)
Okay, then.
Unknown command.
Unknown command.
Unknown command.
Unknown command.
The acid robin is engulfed in blazing flames (1).
The acid robin claws your eldritch tentacle (21)!!
Your eldritch tentacle is splashed with acid (0).
The acid corrodes your eldritch tentacle!
The zotling hits your large abomination (9)!
The acid robin is engulfed in blazing flames (1).
The acid robin claws your eldritch tentacle (22)!!
Your eldritch tentacle is splashed with acid (0).
The acid corrodes your eldritch tentacle!
Your eldritch tentacle slaps the acid robin but does no damage.
Your eldritch tentacle barely misses the acid robin.
The acid robin is engulfed in blazing flames (3).
The acid robin claws your eldritch tentacle (12)!
Your eldritch tentacle is splashed with acid (0).
The acid robin is engulfed in blazing flames (1).
The acid robin claws you but does no damage.
You hit the acid robin (3). Your kick misses the acid robin.
The acid robin is moderately wounded.
The acid robin claws you (15)!
* * * LOW HITPOINT WARNING * * *
You are splashed with acid!
The acid burns (10)!
* * * LOW MAGIC WARNING * * *;
* * * LOW HITPOINT WARNING * * *
Your large abomination hits the acid robin (24)!!
The moth of wrath goads the plutonium crab on!
The plutonium crab goes berserk!
The acid robin is engulfed in blazing flames (2).
The acid robin misses you.
Your eldritch tentacle slaps the zotling (10)!
Your eldritch tentacle claws the zotling (16)!
Your eldritch tentacle shocks the zotling (20)!!
The zotling is destroyed!
Okawaru accepts your kill.
You can now deal lightning-fast blows.
* * * LOW MAGIC WARNING * * *
The acid robin claws you but does no damage.
The acid robin claws you (23)!!
* * * LOW MAGIC WARNING * * *;
* * * LOW HITPOINT WARNING * * *
You are splashed with acid!
The acid burns (9)!
* * * LOW MAGIC WARNING * * *;
* * * LOW HITPOINT WARNING * * *
The acid robin is engulfed in blazing flames (4).
You block the acid robin's attack. x2
The plutonium crab bites your large abomination (33)!!
Your large abomination is destroyed!
Your eldritch tentacle slaps the acid robin but does no damage.
Your eldritch tentacle claws the acid robin (30)!!
The acid robin is engulfed in blazing flames (2).
You block the acid robin's attack.
Your large abomination is engulfed in blazing flames (12).
Your large abomination misses the acid robin.
You completely miss the acid robin.
You kick the acid robin, but do no damage.
The acid robin is heavily wounded.
The acid robin is engulfed in blazing flames (1).
The acid robin completely misses you.
You barely miss the acid robin. You kick the acid robin (5).
The acid robin is heavily wounded.
The plutonium crab barely misses your large abomination.
The plutonium crab claws your large abomination (13)!
Your large abomination is destroyed!
The acid robin is engulfed in blazing flames (3).
You block the acid robin's attack.
The acid robin is engulfed in blazing flames (2).
The acid robin claws you (15)!
* * * LOW MAGIC WARNING * * *;
* * * LOW HITPOINT WARNING * * *
You are splashed with acid!
The acid burns (7)!
* * * LOW MAGIC WARNING * * *;
* * * LOW HITPOINT WARNING * * *
You thrash the acid robin (21)!! You freeze the acid robin (2).
You kick the acid robin, but do no damage.
The acid robin is severely wounded.
Your eldritch tentacle closely misses the acid robin.
Your eldritch tentacle completely misses the acid robin.
Casting: Summon Horrible Things (safe; 1% risk of failure)
Confirm with . or Enter, or press ? or * to list all spells.
Okay, then.
Unknown command.
Unknown command.
You feel much better.
The acid robin is engulfed in blazing flames (2).
The acid robin closely misses you.
The acid robin is engulfed in blazing flames (2).
The acid robin claws you (6).
* * * LOW HITPOINT WARNING * * *
The acid corrodes you!
You are splashed with acid!
The acid burns (6)!
* * * LOW HITPOINT WARNING * * *
You block the acid robin's attack.
The acid robin is engulfed in blazing flames (1).
You block the acid robin's attack.
The moth of wrath goads the acid robin on!
The acid robin goes berserk!
The acid robin closely misses you.
Your large abomination is engulfed in blazing flames (10).
Your large abomination hits the acid robin (32)!!
Your eldritch tentacle slaps the moth of wrath (12)!
Your eldritch tentacle barely misses the moth of wrath.
You block the plutonium crab's attack.
The plutonium crab completely misses you. x2
Your magical effects are unravelling.
You feel magically purged.
You are no longer corroded.
The acid robin is engulfed in blazing flames (2).
The acid robin barely misses you.
The acid robin is engulfed in blazing flames (2).
You block the acid robin's attack. The acid robin misses you.
The acid robin is engulfed in blazing flames (2).
The acid robin completely misses you.
The moth of wrath bites your eldritch tentacle but does no damage.
The acid robin is engulfed in blazing flames (2).
You block the acid robin's attack. The plutonium crab misses you.
The plutonium crab barely misses you. The plutonium crab misses you.
The acid robin is engulfed in blazing flames (2).
The acid robin claws you (11)!
* * * LOW HITPOINT WARNING * * *
You are splashed with acid!
The acid burns (8)!
* * * LOW HITPOINT WARNING * * *
Your eldritch tentacle slaps the moth of wrath (25)!!
The moth of wrath seems to speed up.
Your eldritch tentacle claws the moth of wrath (16)!
The moth of wrath dies!
Okawaru accepts your kill.
Your large abomination is engulfed in blazing flames (10).
Your large abomination barely misses the acid robin.
The acid robin claws your large abomination (1).
Your large abomination is splashed with acid (4).
The acid corrodes your large abomination!
The acid robin is engulfed in blazing flames (3).
The acid robin closely misses your large abomination.
The acid robin is engulfed in blazing flames (2).
The acid robin claws your large abomination (39)!!!
Your large abomination is destroyed!
The acid robin is engulfed in blazing flames (1).
The plutonium crab is engulfed in blazing flames (4).
You block the plutonium crab's attack.
The plutonium crab claws you but does no damage.
You block the plutonium crab's attack.
The acid robin is engulfed in blazing flames (2).
Your eldritch tentacle closely misses the acid robin. x2
The acid robin is engulfed in blazing flames (1).
You block the acid robin's attack.
The plutonium crab is engulfed in blazing flames (5).
The plutonium crab bites you (0).
You are very lightly contaminated with residual magic.
You block the plutonium crab's attack.
The plutonium crab completely misses you.
Your reaper hits the acid robin from afar (7)!
The acid robin is engulfed in blazing flames (2). x2
The acid robin claws your reaper (16)!
Your reaper is splashed with acid (6).
The acid corrodes your reaper!
The acid robin claws your reaper (38)!!!
Your reaper is splashed with acid (4).
The acid corrodes your reaper!
The acid robin is engulfed in blazing flames (1).
The acid robin closely misses your reaper.
Your eldritch tentacle slaps the acid robin (16)!
Your eldritch tentacle freezes the acid robin (18)!!
The acid robin resists.
Your eldritch tentacle claws the acid robin (9)!
Your eldritch tentacle freezes the acid robin (20)!!
The acid robin resists.
The acid robin is engulfed in blazing flames (3).
The acid robin claws your reaper but does no damage.
The plutonium crab is engulfed in blazing flames (2).
The acid robin claws your eldritch tentacle (26)!!
Your eldritch tentacle is splashed with acid (0).
Your reaper misses the acid robin.
The acid robin is engulfed in blazing flames (1).
The acid robin claws your reaper (5).
Your reaper is splashed with acid (5).
The acid corrodes your reaper!
The acid robin claws your eldritch tentacle (36)!!!
With a roar, the tentacle is hauled back through the portal!
The acid robin is engulfed in blazing flames (2).
The acid robin claws your reaper (28)!!
Your reaper dies!
The acid robin is engulfed in blazing flames (1).
The acid robin screeches!
The acid robin is engulfed in blazing flames (2).
The plutonium crab bites you (0). You block the plutonium crab's attack.
The plutonium crab completely misses you.
Casting: Summon Horrible Things (safe; 1% risk of failure)
Confirm with . or Enter, or press ? or * to list all spells.
Okay, then.
Okay, then.
Unknown command.
Unknown command.
Unknown command.
Unknown command.
Okay, then.
Unknown command.
Unknown command.
Casting: Summon Horrible Things (safe; 1% risk of failure)
Confirm with . or Enter, or press ? or * to list all spells.
Okay, then.
Unknown command.
Blink to where?
Press: ? - help, Dir - move target cursor You are lightly contaminated with residual magic.
As you read the scroll of blinking, it crumbles to dust.
The acid robin is engulfed in blazing flames (1).
The acid robin is engulfed in blazing flames (3). x2
Found 9 gold pieces.
Casting: Summon Horrible Things (safe; 1% risk of failure)
Confirm with . or Enter, or press ? or * to list all spells.
Okay, then.
Unknown command.
Okay, then.
Unknown command.
Unknown command.
Okay, then.
Unknown command.
Press: ? - help, v - describe, . - travel
Here: a plutonium crab (lightly wounded, berserk, fast, unusually strong)
The floor, spattered with blood.
Unknown command.
Unknown command.
Casting: Summon Horrible Things (safe; 1% risk of failure)
Confirm with . or Enter, or press ? or * to list all spells.
Okay, then.
Unknown command.
Evoke which item? (* to show all) (? for menu, Esc to quit)
Aim the phial where?
Press: ? - help, Shift-Dir - straight line, f - acid robin
Aim: an acid robin (flame, almost dead, berserk, fast, unusually strong)
The great wave of water misses the acid robin.
The wave splashes down.
Splash!
You fall into the shallow water.
Moving in this stuff is going to be slow.
The water rises up and takes form.
You hear a shout!
You hear a deafening roar! x2; You hear a shout!
The acid robin is engulfed in blazing flames (2).
The acid robin is engulfed in blazing flames (1).
The acid robin misses you.
The acid robin is engulfed in blazing flames (1).
You block the acid robin's attack. The acid robin claws you (20)!!
* * * LOW MAGIC WARNING * * *;
* * * LOW HITPOINT WARNING * * *
The acid corrodes you!
You are splashed with acid!
The acid burns (8)!
* * * LOW MAGIC WARNING * * *;
* * * LOW HITPOINT WARNING * * *
The acid robin is engulfed in blazing flames (2).
The acid robin claws you (42)!!!
* * * LOW MAGIC WARNING * * *
You die...

.. .. .#...##..$
..##........#
.#........# .#####
##......#.#
......###.....#..#
.........≈E.2#..#
.........≈≈≈#≈.#
.........t§§b@#
...#####..≈§b## .
#..§.## ######


You could see a plutonium crab (berserk), 2 acid robins, a friendly balrug and a
friendly water elemental.

Vanquished Creatures
  the Royal Jelly (Slime:3)
  Gloorx Vloq (Pan)
  Lom Lobon (Pan)
  2 greater mummies (Depths:3)
  Boris (twice) (Vaults:2 Depths:1)
  A curse toe (shapeshifter) (Vaults:3)
  2 acid robins (Zot:1)
  A golden dragon (Depths:2)
  A pearl dragon (Pan)
  3 ghost robins (Depths:3)
  A deep elf blademaster (Elf)
  A lich (Vaults:3)
  4 Executioners (Pan)
  5 titans
  A quicksilver dragon (Vaults:3)
  2 deep elf master archers (Elf)
  4 iron trolls
  An eldritch tentacle (Pan)
  2 sphinxes
  4 ancient champions
  Gastronok (Orc:1)
  15 acid blobs (Slime:3)
  A death cob (Zot:1)
  6 storm dragons
  Kirke (Snake:3)
  2 shadow dragons (Vaults:3)
  2 tentacled monstrosities (Pan)
  3 tengu reavers (Vaults:3)
  6 azure jellies (Slime:3)
  10 greater nagas
  4 vault wardens
  8 daevas (Pan)
  7 fire giants
  12 frost giants
  An orc warlord (Vaults:2)
  A deep elf elementalist (Elf)
  2 deep elf sorcerers (Elf)
  5 cacodemons (Pan)
  A juggernaut zombie (Depths:2)
  2 curse skulls (Pan)
  8 ironheart preservers
  3 revenants
  10 stone giants
  An acid robin skeleton (Depths:2)
  3 ophanim (Pan)
  A spriggan defender (Depths:2)
  2 war gargoyles (Vaults:3)
  A doom hound (shapeshifter) (Vaults:3)
  7 very ugly things
  14 angels (Pan)
  A mutatatotot (Depths:3)
  A vampire knight (Depths:2)
  13 apis (Pan)
  5 deep elf annihilators
  2 deep elf demonologists (Elf)
  Azrael (Snake:2)
  4 deep elf death magi
  2 green deaths (Pan)
  7 ettins
  A mummy priest (Depths:2)
  A crystal guardian (Vaults:2)
  A blizzard demon (Pan)
  A fire dragon (Depths:3)
  Erolcha (Orc:1)
  10 yaktaur captains
  6 death oozes (Slime:3)
  Josephine (Orc:1)
  2 deep elf high priests (Elf)
  13 naga warriors
  8 great orbs of eyes
  3 hydras
  25 vault guards
  2 ice dragons
  2 rakshasas
  4 eidola (Depths:2)
  5 ogre magi
  7 anacondas
  7 centaur warriors
  18 two-headed ogres
  2 tengu warriors
  A crystal guardian (shapeshifter) (Vaults:3)
  6 deep troll shamans
  5 orc high priests
  6 deep troll earth magi
  8 death yaks
  2 vampire magi
  4 shock serpents
  A titan zombie (Depths:2)
  5 naga sharpshooters
  Nergalle (D:10)
  Sonja (D:15)
  7 soul eaters (Pan)
  A titan skeleton (Depths:2)
  2 deep elf knights
  14 skeletal warriors
  7 shadow wraiths
  5 salamander mystics
  4 sixfirhies (Pan)
  An unseen horror (shapeshifter) (Vaults:3)
  5 cherubim (Pan)
  2 shadow demons (Vaults:3)
  2 unseen horrors (Pan)
  2 glowing orange brains
  6 naga ritualists (Snake:3)
  Pikel (D:9)
  An anaconda skeleton (Pan)
  10 ironbrand convokers
  14 deep trolls
  2 deep elf archers
  6 harpies
  6 zotlings
  9 orc knights
  2 phantasmal warriors (Vaults:3)
  4 mana vipers
  5 necromancers
  7 wizards
  A stone giant zombie (Depths:2)
  7 orc sorcerers
  A hornet (Vaults:3)
  An oklob plant (D:11)
  13 ugly things
  15 deep elf magi
  4 manticores
  A frost giant zombie (Vaults:1)
  10 salamanders
  5 cyclopes
  2 stone giant skeletons
  22 black mambas
  A fire giant skeleton (Depths:2)
  8 guardian serpents
  10 smoke demons
  9 vault sentinels
  13 naga magi
  A spiny frog (D:13)
  6 orange demons
  2 eyes of devastation
  A frost giant skeleton (Pan)
  2 gargoyles
  2 rime drakes
  An efreet (Pan)
  A yaktaur (shapeshifter) (D:13)
  5 freezing wraiths
  An ice devil (Depths:3)
  19 yaktaurs
  6 hellwings (Pan)
  A catoblepas skeleton (Pan)
  A tengu conjurer (D:15)
  13 polar bears (IceCv)
  A saltling (shapeshifter) (Vaults:3)
  15 trolls
  50 slime creatures
  4 blink frogs (D:11)
  A meliai zombie (D:13)
  A frost giant simulacrum (Depths:2)
  9 large abominations
  A black mamba zombie (D:12)
  A vampire (D:13)
  21 yaks
  2 humans (Snake:3)
  10 wyverns
  2 vampires (shapeshifter) (D:15)
  2 ynoxinuls (Pan)
  2 fire elementals (Snake:2)
  An ettin skeleton (Depths:2)
  11 water elementals
  3 wraiths
  A basilisk (D:14)
  A hog (shapeshifter) (Vaults:1)
  7 golden eyes
  3 chaos spawn (Pan)
  8 neqoxecs (Pan)
  An angry ghost (D:9)
  35 nagas
  3 wargs
  8 water moccasins
  4 soldier ants (D:8)
  4 floating eyes (Pan)
  3 hell hounds (D:14)
  A human skeleton (Depths:2)
  2 ice beasts
  31 orc warriors
  A slave (D:9)
  4 wasps
  6 swamp drakes (D:14)
  2 blink frog zombies
  9 boggarts
  2 eyes of draining (Slime:3)
  13 wolves (IceCv)
  34 centaurs
  23 ogres
  A snapping turtle skeleton (Pan)
  A swamp dragon skeleton (Pan)
  A rime drake zombie (D:10)
  A blink frog skeleton (D:13)
  6 elf zombies
  2 bullfrogs
  A wyvern zombie (D:10)
  2 scorpions (D:5)
  2 wyvern skeletons
  3 water moccasin skeletons
  An oklob sapling (D:11)
  25 killer bees
  3 crimson imps
  2 electric eels (Snake:2)
  2 howler monkeys
  6 lava snakes (Snake:3)
  A bullfrog zombie (D:7)
  A quasit (D:4)
  11 centaur zombies
  2 hounds (D:7)
  7 jellies
  7 centaur skeletons
  10 orc priests
  4 human zombies
  Jessica (D:3)
  21 orc wizards
  11 worker ants
  A killer bee zombie (D:7)
  4 iguanas
  3 mummies (Ossuary)
  15 gnolls
  17 adders
  A shadow imp (D:9)
  5 oozes
  4 dart slugs
  58 orcs
  9 quokkas
  11 ball pythons
  8 bats
  7 giant cockroaches
  10 hobgoblins
  6 jackals
  9 kobolds
  7 frilled lizards
  11 goblins
  9 rats
  A block of ice (Pan)
  3 fungi
  7 plants
  39 spectral weapons
1409 creatures vanquished.

Vanquished Creatures (collateral kills)
  Mnoleg (Pan)
  A seraph (Pan)
  Vashnia (Snake:2)
  An acid robin (Zot:1)
  A zotbot (Zot:1)
  A deep elf blademaster (Elf)
  4 liches
  A deep elf master archer (Elf)
  3 ancient champions
  10 acid blobs
  A tentacled monstrosity (Vaults:3)
  5 Executioners (Pan)
  2 tengu reavers (Vaults:3)
  3 iron trolls (Depths:3)
  2 fire giants (Vaults:3)
  5 daevas (Pan)
  An azure jelly (Slime:3)
  3 deep elf elementalists (Elf)
  2 vault wardens (Vaults:3)
  4 cacodemons (Pan)
  An angel (Pan)
  A reaper (Vaults:3)
  3 deep elf sorcerers (Elf)
  A revenant (Depths:1)
  5 ophanim (Pan)
  6 very ugly things
  2 apis (Pan)
  3 war gargoyles (Vaults:3)
  A stone giant (Depths:1)
  3 deep elf annihilators (Elf)
  2 deep elf demonologists (Elf)
  A deep elf death mage (Elf)
  4 death oozes (Slime:3)
  An ettin (Depths:2)
  A great orb of eyes (Pan)
  3 vault guards (Vaults:3)
  3 naga warriors
  An anaconda (Snake:3)
  2 shock serpents (Pan)
  3 naga sharpshooters
  An orc high priest (Orc:2)
  2 sun demons (Pan)
  2 skeletal warriors
  A hell knight (Vaults:3)
  2 sixfirhies
  A spark wasp zombie (Depths:2)
  A golden dragon zombie (Depths:2)
  A deep elf archer (Vaults:2)
  4 cherubim (Pan)
  3 deep trolls
  A phantasmal warrior (Vaults:3)
  3 naga ritualists
  An orc knight (Orc:2)
  2 zotlings (Zot:1)
  6 mana vipers
  2 necromancers
  13 slime creatures
  A hornet (Vaults:1)
  A salamander (Snake:2)
  4 shining eyes
  2 deep elf magi (Vaults:2)
  A sphinx skeleton (Depths:2)
  An elephant (shapeshifter) (Vaults:3)
  A moth of wrath (Zot:1)
  3 ugly things
  2 black mambas
  2 guardian serpents (Snake:3)
  2 naga magi (Snake:2)
  An orange demon (Pan)
  2 yaktaurs (Vaults:3)
  A tormentor (Depths:3)
  A polar bear (IceCv)
  A tengu simulacrum (Depths:2)
  2 water elementals (Depths:3)
  2 wraiths (Orc:1)
  3 basilisks (D:14)
  2 fire elementals (Snake:2)
  4 golden eyes
  A hog (Snake:3)
  2 large abominations
  10 nagas
  7 neqoxecs (Pan)
  A hell hound (Snake:2)
  4 orc warriors
  A black bear (shapeshifter) (D:13)
  An ice beast (D:15)
  An ogre (Vaults:2)
  An eye of draining (Slime:3)
  A killer bee (D:12)
  An electric eel (Snake:2)
  A centaur zombie (Ossuary)
  An orc priest (Orc:2)
  A human zombie (Ossuary)
  2 orc wizards
  A worker ant (D:3)
  7 orcs
  A plant (Snake:2)
229 creatures vanquished.

Vanquished Creatures (others)
  A lich (Pan)
  A deep elf master archer (Elf)
  16 eldritch tentacles
  A tengu reaver (Depths:2)
  A fire giant (Depths:2)
  A deep elf sorcerer (Elf)
  2 stone giants (Vaults:3)
  4 yaktaur captains
  A deep elf high priest (Elf)
  A naga warrior (Snake:3)
  A rakshasa (Vaults:2)
  2 centaur warriors
  2 naga sharpshooters
  2 shock serpents (Snake:3)
  A cherub (Pan)
  2 spatial maelstroms (shapeshifter) (Vaults:3)
  A cyclops (Orc:2)
  A naga mage (Snake:3)
  2 yaktaurs (Vaults:3)
  A tengu conjurer (D:13)
  A slime creature (Pan)
  2 wyverns (D:14)
  4 humans
  A neqoxec (Pan)
  A slave (D:9)
  3 swamp drakes (D:14)
  A jelly (D:9)
  2 orc priests
  An orc (Orc:1)
  A bush (D:11)
  2 fungi
  13 plants
  57 spectral weapons
133 creatures vanquished.

Grand Total: 1771 creatures vanquished

Notes
Turn   | Place    | Note
-------+----------+-------------------------------------------
     0 | D:1      | dosdaos the Demonspawn Skald began the quest for the Orb.
     0 | D:1      | Reached XP level 1. HP: 16/16 MP: 2/2
    36 | D:1      | Reached skill level 1 in Dodging
   265 | D:1      | Gained mutation: A weak demonic guardian rushes to your aid. [demonic ancestry]
   265 | D:1      | Reached XP level 2. HP: 14/22 MP: 0/2
   267 | D:1      | HP: 11/22 [quokka (3)]
   270 | D:1      | HP: 5/22 [quokka (4)]
   271 | D:1      | Reached skill level 2 in Maces & Staves
   786 | D:1      | Reached XP level 3. HP: 19/28 MP: 2/4
   787 | D:1      | Reached skill level 1 in Armour
   930 | D:1      | Learned a level 3 spell: Regeneration
   956 | D:1      | Reached skill level 2 in Dodging
  1057 | D:1      | Reached XP level 4. HP: 27/34 MP: 1/6
  1327 | D:1      | Gained mutation: You are dopey. (Int -5) [mutagenic hatch]
  1331 | D:2      | Found a radiant altar of Vehumet.
  1420 | D:2      | Reached skill level 3 in Fighting
  1420 | D:2      | Reached skill level 1 in Necromancy
  1603 | D:2      | Gained mutation: Your crystalline skin blocks enemy attacks. (SH +6) [demonic ancestry]
  1603 | D:2      | Reached XP level 5. HP: 41/41 MP: 4/6
  1604 | D:2      | Reached skill level 2 in Armour
  1675 | D:2      | Found a faded altar of an unknown god.
  1744 | D:2      | Reached skill level 4 in Charms
  2189 | D:2      | Gained mutation: Your flesh is heat resistant. (rF+) [mutagenic hatch]
  2226 | D:3      | Reached skill level 3 in Maces & Staves
  2229 | D:3      | Reached skill level 2 in Necromancy
  2234 | D:3      | HP: 20/41 [poisoned by a worker ant]
  2238 | D:3      | Gained mutation: You have large cloven feet. [demonic ancestry]
  2238 | D:3      | Reached XP level 6. HP: 13/47 MP: 1/8
  2490 | D:3      | Found an ornate altar of the Wu Jian Council.
  2610 | D:3      | Reached skill level 4 in Fighting
  2762 | D:3      | Found a burning altar of Makhleb.
  2762 | D:3      | Noticed a balrug
  2770 | D:3      | Noticed an orange demon
  2770 | D:3      | Noticed a smoke demon
  2781 | D:3      | Noticed Jessica
  2784 | D:3      | Killed Jessica
  2784 | D:3      | Reached skill level 3 in Necromancy
  2794 | D:3      | Found an iron altar of Okawaru.
  2815 | D:3      | Gained mutation: You are partially covered in iridescent scales. (AC +2) [demonic ancestry]
  2815 | D:3      | Reached XP level 7. HP: 55/55 MP: 6/9
  3099 | D:3      | Became a worshipper of Warmaster Okawaru
  3110 | D:3      | Gained mutation: You have hoof-like feet. [mutagenic hatch]
  3140 | D:4      | Reached skill level 4 in Maces & Staves
  3163 | D:4      | Reached skill level 4 in Necromancy
  3223 | D:4      | Found a sand-covered staircase.
  3234 | Ossuary  | Entered an ossuary
  3294 | Ossuary  | Reached skill level 1 in Summonings
  3305 | Ossuary  | Reached skill level 5 in Fighting
  3305 | Ossuary  | Mutation became permanent: You have large cloven feet. [demonic ancestry]
  3305 | Ossuary  | Gained mutation: You have hoof-like feet. [demonic ancestry]
  3305 | Ossuary  | Reached XP level 8. HP: 51/62 MP: 3/3
  3425 | Ossuary  | Reached skill level 3 in Dodging
  3425 | Ossuary  | Reached skill level 2 in Summonings
  3446 | Ossuary  | Learned a level 2 spell: Song of Slaying
  3457 | Ossuary  | Reached * piety under Okawaru
  3483 | Ossuary  | Reached skill level 5 in Maces & Staves
  3483 | Ossuary  | Reached skill level 3 in Armour
  3483 | Ossuary  | Reached skill level 5 in Necromancy
  3583 | D:4      | Found a sparkling altar of Nemelex Xobeh.
  3587 | D:4      | Reached skill level 5 in Charms
  3725 | D:4      | Found a deep blue altar of Sif Muna.
  3753 | D:4      | Reached skill level 3 in Summonings
  3753 | D:4      | Gained mutation: Your crystalline skin reflects projectiles. [demonic ancestry]
  3753 | D:4      | Reached XP level 9. HP: 69/69 MP: 7/7
  3775 | D:4      | Found a snail-covered altar of Cheibriados.
  3953 | D:4      | Got Sif Muna's Papyrus of Sinister Arts
  3957 | D:4      | Gained mutation: Quaffing potions temporarily makes you agile. [mutagenic hatch]
  3957 | D:5      | Entered Level 5 of the Dungeon
  4043 | D:5      | Reached skill level 6 in Fighting
  4138 | D:5      | Got the amulet of Moklumim {Spirit rElec rC+++ Str-3 Int+3}
  4269 | D:5      | Reached skill level 6 in Necromancy
  4303 | D:5      | Reached skill level 1 in Invocations
  4368 | D:5      | Reached skill level 2 in Invocations
  4375 | D:5      | Reached skill level 6 in Maces & Staves
  5033 | D:6      | Reached skill level 4 in Summonings
  5124 | D:6      | Reached skill level 3 in Invocations
  5153 | D:6      | Reached skill level 6 in Charms
  5643 | D:6      | Found a stormy altar of Qazlal.
  5643 | D:6      | Found a corrupted altar of Lugonu.
  5643 | D:6      | Found a glowing golden altar of the Shining One.
  5643 | D:6      | Found a hide-covered altar of Uskayaw.
  5643 | D:6      | Found a sacrificial altar of Ru.
  5643 | D:6      | Found an ancient bone altar of Kikubaaqudgha.
  5643 | D:6      | Found a viscous altar of Jiyva.
  5643 | D:6      | Found a white marble altar of Elyvilon.
  5643 | D:6      | Found an opulent altar of Gozag.
  5645 | D:6      | Found a shadowy altar of Dithmenos.
  5647 | D:6      | Found a basalt altar of Yredelemnul.
  5735 | D:6      | Gained mutation: You are less able to defend yourself (AC -3, EV -3, SH - 3). [mutagenic hatch]
  5753 | D:7      | Reached skill level 7 in Fighting
  5966 | D:7      | Reached XP level 10. HP: 78/79 MP: 4/8
  5977 | D:7      | Found a shimmering altar of Xom.
  6009 | D:7      | HP: 33/79 [centaur (8)]
  6114 | D:7      | Reached skill level 5 in Summonings
  6153 | D:7      | HP: 31/79 [poisoned by a killer bee]
  6155 | D:7      | HP: 15/79 [poisoned by a killer bee]
  6160 | D:7      | HP: 9/79 [poisoned by a killer bee]
  6295 | D:7      | Found a glowing silver altar of Zin.
  6538 | D:7      | Found a bloodstained altar of Trog.
  6541 | D:7      | Reached skill level 7 in Maces & Staves
  6637 | D:8      | HP: 37/79 [orc warrior/+0 mace (21)]
  6653 | D:8      | HP: 29/79 [orc wizard/magic dart (6)]
  6947 | D:8      | Found a runed door.
  6952 | D:8      | Found a runed gate.
  6953 | D:8      | Found a runed door.
  7209 | D:8      | Reached skill level 4 in Armour
  7209 | D:8      | Reached skill level 4 in Dodging
  7275 | D:8      | Found a runed gate.
  7275 | D:8      | Found a runed gate.
  7495 | D:8      | Learned a level 5 spell: Spectral Weapon
  7511 | D:8      | Reached skill level 8 in Fighting
  7511 | D:8      | Reached skill level 6 in Summonings
  7527 | D:8      | Reached ** piety under Okawaru
  7557 | D:8      | Gained mutation: You are mostly covered in iridescent scales. (AC +4) [demonic ancestry]
  7557 | D:8      | Reached XP level 11. HP: 84/86 MP: 0/9
  7618 | D:8      | HP: 43/86 [killer bee (5)]
  7622 | D:8      | HP: 20/86 [poisoned by a killer bee]
  7627 | D:8      | HP: 17/86 [poisoned by a killer bee]
  7739 | D:9      | Noticed Pikel
  7749 | D:9      | Killed Pikel
  7749 | D:9      | Reached skill level 5 in Armour
  7749 | D:9      | Reached skill level 5 in Dodging
  7749 | D:9      | Reached skill level 7 in Summonings
  7776 | D:9      | HP: 41/87 [orc warrior/+0 glaive (26)]
  7779 | D:9      | Reached skill level 8 in Maces & Staves
  8030 | D:9      | Reached *** piety under Okawaru
  8038 | D:9      | Reached skill level 9 in Fighting
  8590 | D:10     | Entered Level 10 of the Dungeon
  8600 | D:10     | Reached skill level 8 in Summonings
  8711 | D:10     | Noticed a five-headed hydra
  8719 | D:10     | Reached skill level 9 in Maces & Staves
  8725 | D:10     | HP: 41/89 [five-headed hydra (13)]
  8740 | D:10     | HP: 40/89 [five-headed hydra (11)]
  8742 | D:10     | Killed a five-headed hydra
  8742 | D:10     | Reached **** piety under Okawaru
  8828 | D:10     | Gained mutation: You have hooves in place of feet. [demonic ancestry]
  8828 | D:10     | Reached XP level 12. HP: 87/97 MP: 4/12
  8872 | D:10     | Noticed Nergalle
  8879 | D:10     | Reached skill level 10 in Fighting
  8890 | D:10     | Killed Nergalle
  8890 | D:10     | Reached skill level 9 in Summonings
  9332 | D:10     | Gained mutation: You can translocate small distances at will. [mutagenic hatch]
  9358 | D:11     | Reached skill level 10 in Maces & Staves
  9359 | D:11     | Reached ***** piety under Okawaru
  9383 | D:11     | Reached skill level 10 in Summonings
  9398 | D:11     | Learned a level 5 spell: Summon Demon
  9420 | D:11     | Found a gateway to a bazaar.
  9448 | D:11     | Noticed a two-headed ogre
  9457 | D:11     | Killed a two-headed ogre
  9457 | D:11     | Reached skill level 11 in Fighting
  9810 | D:11     | Received a gift from Okawaru
  9827 | D:11     | Reached skill level 1 in Shields
  9917 | D:11     | Gained mutation: Your demonic aura occasionally causes spilled blood to erupt in flames. [demonic ancestry]
  9917 | D:11     | Reached XP level 13. HP: 101/106 MP: 0/3
 10161 | D:11     | Got the Handbook of Nature
 10184 | D:11     | Reached skill level 4 in Invocations
 10312 | D:11     | Gained mutation: You are frail. (-10% HP) [mutagenic hatch]
 10313 | D:12     | Lost mutation: Quaffing potions temporarily makes you agile. [potion of mutation]
 10313 | D:12     | Lost mutation: Your flesh is heat resistant. (rF+) [potion of mutation]
 10313 | D:12     | Lost mutation: You are frail. (-10% HP) [potion of mutation]
 10313 | D:12     | Lost mutation: You can translocate small distances at will. [potion of mutation]
 10313 | D:12     | Gained mutation: Your flesh is cold resistant. (rC+) [potion of mutation]
 10313 | D:12     | Gained mutation: Your skin blends seamlessly with your surroundings (Stealth+++). [potion of mutation]
 10314 | D:12     | Found a frozen archway.
 10321 | IceCv    | Entered an ice cave
 10344 | IceCv    | Reached skill level 2 in Shields
 10478 | IceCv    | Reached skill level 6 in Armour
 10480 | IceCv    | Reached skill level 6 in Dodging
 10480 | IceCv    | Reached skill level 5 in Invocations
 10485 | IceCv    | Reached skill level 3 in Shields
 10599 | IceCv    | Noticed a frost giant
 10618 | IceCv    | Killed a frost giant
 10619 | IceCv    | Reached skill level 4 in Shields
 10625 | IceCv    | Received a gift from Okawaru
 10625 | IceCv    | Reached skill level 11 in Maces & Staves
 10625 | IceCv    | Reached skill level 11 in Summonings
 10629 | IceCv    | Reached skill level 6 in Invocations
 10629 | IceCv    | Reached skill level 12 in Fighting
 10646 | IceCv    | Gained mutation: You are completely covered in iridescent scales. (AC +6) [demonic ancestry]
 10646 | IceCv    | Reached XP level 14. HP: 68/115 MP: 9/17
 10814 | D:12     | Reached skill level 7 in Armour
 11015 | D:12     | Reached skill level 7 in Dodging
 11665 | D:12     | Gained mutation: Your magical capacity is low. (-10% MP) [mutagenic hatch]
 11773 | D:13     | Received a gift from Okawaru
 11774 | D:13     | Got the +2 flail of Drought {god gift, freeze, +Rage rPois Str+6}
 11786 | D:13     | Reached skill level 8 in Dodging
 11795 | D:13     | Reached ****** piety under Okawaru
 11919 | D:13     | Reached skill level 12 in Summonings
 11934 | D:13     | Reached skill level 12 in Maces & Staves
 11974 | D:13     | Reached skill level 13 in Fighting
 11982 | D:13     | Gained mutation: A demonic guardian rushes to your aid. [demonic ancestry]
 11982 | D:13     | Reached XP level 15. HP: 115/123 MP: 14/16
 12203 | D:13     | Found a shimmering altar of Xom.
 12204 | D:13     | Found a shimmering altar of Xom.
 12204 | D:13     | Found a shimmering altar of Xom.
 12204 | D:13     | Found a shimmering altar of Xom.
 12204 | D:13     | Found a shimmering altar of Xom.
 12205 | D:13     | Found a shimmering altar of Xom.
 12762 | D:14     | Reached skill level 13 in Summonings
 12762 | D:14     | Reached skill level 7 in Invocations
 12795 | D:14     | Received a gift from Okawaru
 12800 | D:14     | Reached skill level 8 in Invocations
 12809 | D:14     | Reached skill level 9 in Invocations
 12921 | D:14     | Reached skill level 14 in Summonings
 13150 | D:14     | HP: 55/124 [very large slime creature (25)]
 13154 | D:14     | Reached XP level 16. HP: 61/131 MP: 7/18
 13378 | D:14     | Reached skill level 15 in Summonings
 13669 | D:14     | Lost mutation: You are dopey. (Int -5) [mutagenic hatch]
 13669 | D:15     | Entered Level 15 of the Dungeon
 13814 | D:15     | Reached skill level 1 in Translocations
 13836 | D:15     | Found a staircase to the Orcish Mines.
 13924 | D:15     | Reached skill level 2 in Translocations
 14079 | D:15     | Reached skill level 3 in Translocations
 14085 | D:15     | Noticed Sonja
 14094 | D:15     | Killed Sonja
 14134 | D:15     | Reached skill level 16 in Summonings
 14169 | D:15     | Learned a level 6 spell: Shadow Creatures
 14520 | D:15     | Found a staircase to the Depths.
 14527 | D:15     | Reached skill level 17 in Summonings
 14634 | D:15     | Gained mutation: Your crystalline skin reflects hostile magic. (0% chance) [demonic ancestry]
 14634 | D:15     | Reached XP level 17. HP: 137/137 MP: 17/17
 14647 | D:15     | Found a gate to the Vaults.
 14936 | Orc:1    | Entered Level 1 of the Orcish Mines
 14964 | Orc:1    | Reached skill level 8 in Armour
 14973 | Orc:1    | Reached skill level 1 in Evocations
 14987 | Orc:1    | Noticed Josephine
 14988 | Orc:1    | Noticed Gastronok
 14993 | Orc:1    | Killed Josephine
 15003 | Orc:1    | Killed Gastronok
 15022 | Orc:1    | Received a gift from Okawaru
 15200 | Orc:1    | Noticed Erolcha
 15210 | Orc:1    | Killed Erolcha
 15309 | Orc:2    | Entered Level 2 of the Orcish Mines
 15324 | Orc:2    | Found a staircase to the Snake Pit.
 15341 | Orc:2    | Reached skill level 18 in Summonings
 15371 | Orc:2    | Found a runed door.
 15371 | Orc:2    | Found a viscous altar of Jiyva.
 15374 | Orc:2    | Reached skill level 2 in Evocations
 15383 | Orc:2    | Found a staircase to the Slime Pits.
 15972 | Orc:2    | HP: 51/138 [orc knight/+0 war axe (30)]
 15974 | Orc:2    | Found a gateway to a bazaar.
 15981 | Orc:2    | HP: 36/138 [orc knight/+0 halberd (15)]
 15991 | Orc:2    | Reached skill level 4 in Translocations
 15993 | Orc:2    | HP: 52/138 [smoke demon/divine providence[an orc high priest] (10)]
 16005 | Orc:2    | HP: 38/138 [orc sorcerer/bolt of fire (29)]
 16018 | Orc:2    | HP: 40/138 [orc high priest/divine providence (12)]
 16019 | Orc:2    | HP: 15/138 [orc priest/divine providence (12)]
 16024 | Orc:2    | HP: 27/138 [orc priest/divine providence (14)]
 16227 | Bazaar   | Entered a bazaar
 16227 | Bazaar   | Found Ruragra's Antique Armour Emporium.
 16227 | Bazaar   | Found Tasoic's General Store.
 16243 | Bazaar   | Found Nedamum's Antique Weapon Boutique.
 16256 | Bazaar   | Found Qaank's Antique Armour Emporium.
 16259 | Bazaar   | Found Dim Vooclia's Jewellery Shoppe.
 16270 | Bazaar   | Found Ymabbiur's Magic Scroll Boutique.
 16293 | Bazaar   | Bought the ring of Xom's Capriciousness {rF+ MR+ Int+5 Dex+3} for 872 gold pieces
 16382 | Snake:1  | Entered Level 1 of the Snake Pit
 16392 | Snake:1  | Reached skill level 10 in Invocations
 16394 | Snake:1  | Reached skill level 3 in Evocations
 16635 | Snake:1  | Reached skill level 5 in Shields
 16737 | Snake:1  | Reached skill level 13 in Maces & Staves
 16864 | Snake:1  | Gained mutation: Your demonic aura causes spilled blood to erupt in flames. [demonic ancestry]
 16864 | Snake:1  | Reached XP level 18. HP: 125/145 MP: 10/24
 17325 | Snake:1  | Gained mutation: You are covered in thick fur. (AC +4) [mutagenic hatch]
 17325 | Snake:2  | Noticed Azrael
 17345 | Snake:2  | Killed Azrael
 17345 | Snake:2  | Reached skill level 9 in Dodging
 17345 | Snake:2  | Reached skill level 4 in Evocations
 17370 | Snake:2  | Reached skill level 14 in Fighting
 17468 | Snake:2  | Reached skill level 9 in Armour
 17552 | Snake:2  | Reached skill level 5 in Translocations
 17555 | Snake:2  | Reached skill level 6 in Shields
 17575 | Snake:2  | Noticed Vashnia
 17576 | Snake:2  | Reached skill level 11 in Invocations
 17585 | Snake:2  | HP: 44/146 [Vashnia/arrow (37)]
 17732 | Snake:2  | Learned a level 7 spell: Monstrous Menagerie
 17978 | Snake:2  | HP: 73/146 [Vashnia/arrow (18)]
 17979 | Snake:2  | Killed Vashnia
 18265 | Snake:3  | Entered Level 3 of the Snake Pit
 18317 | Snake:3  | Found a gateway to a bazaar.
 18356 | Snake:3  | Reached skill level 5 in Evocations
 18478 | Snake:3  | Received a gift from Okawaru
 18504 | Snake:3  | Noticed Kirke
 18513 | Snake:3  | Killed Kirke
 18513 | Snake:3  | Gained mutation: A powerful demonic guardian rushes to your aid. [demonic ancestry]
 18513 | Snake:3  | Reached XP level 19. HP: 152/153 MP: 9/26
 18593 | Snake:3  | Reached skill level 6 in Translocations
 18733 | Snake:3  | Got the +10 plate armour "Sygeex" {MR+ Slay+3 Stlth+}
 19140 | Snake:3  | Reached skill level 12 in Invocations
 19177 | Snake:3  | Reached skill level 7 in Shields
 19188 | Snake:3  | Reached skill level 6 in Evocations
 19191 | Snake:3  | HP: 73/153 [greater naga (14)]
 19197 | Snake:3  | HP: 42/153 [naga warrior/+0 scimitar (5)]
 19291 | Snake:3  | Reached skill level 10 in Armour
 19291 | Snake:3  | Reached skill level 10 in Dodging
 19322 | Snake:3  | Received a gift from Okawaru
 19329 | Snake:3  | HP: 76/153 [guardian serpent (13)]
 19331 | Snake:3  | Reached skill level 19 in Summonings
 19337 | Snake:3  | HP: 75/153 [naga warrior/+0 halberd (5)]
 19345 | Snake:3  | HP: 77/154 [naga warrior/+0 trident (4)]
 19567 | Snake:3  | Reached XP level 20. HP: 103/161 MP: 17/28
 19691 | Snake:3  | Reached skill level 13 in Invocations
 19693 | Snake:3  | Found a gate to the Vaults.
 19699 | Snake:3  | Got a serpentine rune of Zot
 19882 | Bazaar   | Found Ymabbiur's Magic Scroll Boutique.
 19893 | Bazaar   | Found Dim Vooclia's Jewellery Shoppe.
 19895 | Bazaar   | Found Qaank's Antique Armour Emporium.
 19912 | Bazaar   | Found Cupoas's Antique Armour Shop.
 19920 | Bazaar   | Found Nedamum's Antique Weapon Boutique.
 19959 | Bazaar   | Bought an uncursed ring of wizardry for 390 gold pieces
 20136 | Snake:3  | Reached skill level 15 in Fighting
 20610 | Snake:3  | Found a gate to the Vaults.
 20707 | Vaults:1 | Entered Level 1 of the Vaults
 20772 | Vaults:1 | Reached skill level 8 in Shields
 20777 | Vaults:1 | Reached skill level 7 in Evocations
 20797 | Vaults:1 | Found a gateway to a bazaar.
 21083 | Vaults:1 | HP: 79/162 [yaktaur/arrow (21)]
 21094 | Vaults:1 | Reached skill level 14 in Maces & Staves
 21116 | Vaults:1 | HP: 76/162 [yaktaur captain/arrow[a boggart] (13)]
 22024 | Bazaar   | Found Ymabbiur's Magic Scroll Boutique.
 22035 | Bazaar   | Found Dim Vooclia's Jewellery Shoppe.
 22037 | Bazaar   | Found Qaank's Antique Armour Emporium.
 22054 | Bazaar   | Found Cupoas's Antique Armour Shop.
 22056 | Bazaar   | Found Geirr's General Store.
 22062 | Bazaar   | Found Nedamum's Antique Weapon Boutique.
 22064 | Bazaar   | Bought a potion of resistance for 150 gold pieces
 22064 | Bazaar   | Bought a scroll of teleportation for 45 gold pieces
 22240 | Vaults:2 | Learned a level 8 spell: Summon Horrible Things
 22296 | Vaults:2 | Reached skill level 11 in Armour
 22321 | Vaults:2 | Reached skill level 14 in Invocations
 22351 | Vaults:2 | Reached skill level 11 in Dodging
 22385 | Vaults:2 | Gained mutation: You can hurl damnation. [demonic ancestry]
 22385 | Vaults:2 | Reached XP level 21. HP: 168/168 MP: 15/30
 22581 | Vaults:2 | Received a gift from Okawaru
 22585 | Vaults:2 | Reached skill level 8 in Evocations
 22664 | Vaults:2 | Reached skill level 9 in Shields
 22670 | Vaults:2 | Reached skill level 20 in Summonings
 22814 | Vaults:2 | Noticed Boris
 22816 | Vaults:2 | Killed Boris
 22941 | Vaults:2 | Reached skill level 9 in Evocations
 23020 | Vaults:2 | Found a gateway to a bazaar.
 23284 | Vaults:2 | Reached skill level 15 in Invocations
 23498 | Bazaar   | Found Ymabbiur's Magic Scroll Boutique.
 23507 | Bazaar   | Found Daqupn's Antique Armour Emporium.
 23509 | Bazaar   | Found Dim Vooclia's Jewellery Shoppe.
 23510 | Bazaar   | Found Qaank's Antique Armour Emporium.
 23517 | Bazaar   | Found Geirr's General Store.
 23518 | Bazaar   | Found Cupoas's Antique Armour Shop.
 23528 | Bazaar   | Found Nedamum's Antique Weapon Boutique.
 23548 | Bazaar   | Found Tasoic's General Store.
 23579 | Vaults:3 | Entered Level 3 of the Vaults
 23579 | Vaults:3 | Found a staircase to the Depths.
 23579 | Vaults:3 | Found a staircase to the Slime Pits.
 23601 | Vaults:3 | HP: 81/170 [vault guard/+0 battleaxe (6)]
 23610 | Vaults:3 | Reached skill level 10 in Shields
 23610 | Vaults:3 | Reached XP level 22. HP: 70/177 MP: 16/32
 23612 | Vaults:3 | HP: 54/177 [stone giant/large rock (25)]
 23620 | Vaults:3 | HP: 47/177 [stone giant/large rock (14)]
 23624 | Vaults:3 | Reached skill level 16 in Fighting
 23749 | Vaults:3 | Learned a level 4 spell: Ozocubu's Armour
 23750 | Vaults:3 | Lost mutation: Your skin blends seamlessly with your surroundings (Stealth+++). [potion of mutation]
 23750 | Vaults:3 | Lost mutation: Your magical capacity is low. (-10% MP) [potion of mutation]
 23750 | Vaults:3 | Lost mutation: Your flesh is cold resistant. (rC+) [potion of mutation]
 23750 | Vaults:3 | Lost mutation: You are less able to defend yourself (AC -3, EV -3, SH - 3). [potion of mutation]
 23750 | Vaults:3 | Gained mutation: Your muscles are strong. (Str +5) [potion of mutation]
 23750 | Vaults:3 | Gained mutation: Your flesh is cold resistant. (rC+) [potion of mutation]
 23807 | Vaults:3 | Reached skill level 1 in Ice Magic
 23824 | Vaults:3 | Reached skill level 7 in Translocations
 23896 | Vaults:3 | Got the ring of Ozuari {EV+6 Int+2}
 23935 | Vaults:3 | Reached skill level 2 in Ice Magic
 23945 | Vaults:3 | Reached skill level 15 in Maces & Staves
 24126 | Vaults:3 | Received a gift from Okawaru
 24256 | Vaults:3 | Reached skill level 3 in Ice Magic
 24267 | Vaults:3 | Reached skill level 12 in Armour
 24274 | Vaults:3 | Reached skill level 21 in Summonings
 24274 | Vaults:3 | Reached skill level 8 in Translocations
 24286 | Vaults:3 | Reached skill level 11 in Shields
 24293 | Vaults:3 | Reached XP level 23. HP: 159/186 MP: 4/36
 24484 | Vaults:3 | Reached skill level 13 in Armour
 24588 | Vaults:3 | Reached skill level 9 in Translocations
 24618 | Vaults:3 | Received a gift from Okawaru
 24905 | Vaults:3 | Noticed a curse toe
 24905 | Vaults:3 | a storm dragon changed into a curse toe
 24915 | Vaults:3 | Reached skill level 16 in Maces & Staves
 24916 | Vaults:3 | Killed a curse toe
 24916 | Vaults:3 | Reached skill level 14 in Armour
 24971 | Vaults:3 | Got the ring of the Cool Runes {+Blink MR+ Int+2}
 25051 | Vaults:3 | Reached skill level 10 in Translocations
 25090 | Vaults:3 | Got a silver rune of Zot
 25606 | Vaults:3 | Learned a level 7 spell: Malign Gateway
 25609 | Slime:1  | Entered Level 1 of the Pits of Slime
 25637 | Slime:1  | Reached skill level 15 in Armour
 25736 | Slime:1  | Reached XP level 24. HP: 185/193 MP: 25/35
 25862 | Slime:2  | Reached skill level 22 in Summonings
 25885 | Slime:3  | Entered Level 3 of the Pits of Slime
 25905 | Slime:3  | Reached skill level 11 in Translocations
 26087 | Slime:3  | Reached skill level 10 in Evocations
 26372 | Slime:3  | Found a viscous altar of Jiyva.
 26372 | Slime:3  | Found a staircase to the Depths.
 26372 | Slime:3  | Noticed the Royal Jelly
 26741 | Slime:3  | Killed the Royal Jelly
 26741 | Slime:3  | Reached skill level 16 in Armour
 26741 | Slime:3  | Reached skill level 11 in Evocations
 26742 | Slime:3  | HP: 48/193 [acid (5)]
 26751 | Slime:3  | HP: 45/193 [death ooze (12)]
 26785 | Slime:3  | HP: 89/193 [acid (4)]
 26791 | Slime:3  | HP: 84/193 [acid (1)]
 26794 | Slime:3  | Reached skill level 12 in Translocations
 26886 | Slime:3  | Got the amulet of the Moon {Faith +Blink rC+ Slay+2}
 26937 | Slime:3  | Got a slimy rune of Zot
 26942 | Slime:3  | Got the ring "Loseoroo" {rElec rF+ AC+3}
 27141 | Depths:1 | Entered Level 1 of the Depths
 27180 | Depths:1 | Found a portal to the Elven Halls.
 27221 | Depths:1 | Received a gift from Okawaru
 27236 | Depths:1 | Got the Compendium of Black Magic
 27247 | Elf      | Entered the Elven Halls
 27423 | Elf      | Reached XP level 25. HP: 192/200 MP: 26/43
 27530 | Elf      | Reached skill level 4 in Ice Magic
 27539 | Elf      | Reached skill level 17 in Fighting
 27693 | Elf      | Reached skill level 12 in Dodging
 27693 | Elf      | Reached skill level 12 in Evocations
 27724 | Elf      | Reached skill level 5 in Ice Magic
 27833 | Elf      | Got the ring "Liewirgha" {Wiz rPois rF+ Str+4}
 27923 | Elf      | Got Heikiplo's Guide on the Floating Arsonist
 27927 | Elf      | Got the ring of Loyraog {rC+ Str+5}
 27995 | Elf      | Got the Incunabulum of Fiery Lightness
 28277 | Depths:1 | Noticed Boris
 28295 | Depths:1 | Killed Boris
 28295 | Depths:1 | Reached skill level 6 in Ice Magic
 28378 | Depths:1 | Reached skill level 13 in Dodging
 28520 | Depths:1 | Reached skill level 23 in Summonings
 28600 | Depths:1 | Received a gift from Okawaru
 28749 | Depths:2 | Reached XP level 26. HP: 209/209 MP: 40/45
 28759 | Depths:2 | Reached skill level 17 in Armour
 29014 | Depths:2 | Reached skill level 17 in Maces & Staves
 29014 | Depths:2 | Reached skill level 14 in Dodging
 29230 | Depths:2 | Reached skill level 18 in Fighting
 29252 | Depths:2 | Reached skill level 15 in Dodging
 29257 | Depths:2 | HP: 84/211 [fire giant/+0 great mace of flaming (24)]
 29262 | Depths:2 | HP: 63/211 [fire giant/fireball (17)]
 29433 | Depths:2 | Got the Almanac of Aid
 29787 | Depths:2 | Found a gateway to a bazaar.
 29954 | Bazaar   | Found Ymabbiur's Magic Scroll Boutique.
 29963 | Bazaar   | Found Daqupn's Antique Armour Emporium.
 29965 | Bazaar   | Found Adoxoipu's Weapon Shop.
 29965 | Bazaar   | Found Dim Vooclia's Jewellery Shoppe.
 29966 | Bazaar   | Found Qaank's Antique Armour Emporium.
 29974 | Bazaar   | Found Bawih's Antique Weapon Boutique.
 29975 | Bazaar   | Found Geirr's General Store.
 29976 | Bazaar   | Found Cupoas's Antique Armour Shop.
 29978 | Bazaar   | Found Riyky's General Store.
 29985 | Bazaar   | Found Vasao's Armour Emporium.
 29986 | Bazaar   | Found Nedamum's Antique Weapon Boutique.
 29993 | Bazaar   | Bought a +0 shield of protection for 241 gold pieces
 30013 | Bazaar   | Bought a scroll of acquirement for 520 gold pieces
 30103 | Depths:3 | Entered Level 3 of the Depths
 30142 | Depths:3 | Noticed a greater mummy
 30153 | Depths:3 | Found a one-way gate leading to the halls of Pandemonium.
 30157 | Depths:3 | HP: 80/213 [??? (69)]
 30311 | Depths:3 | Received a gift from Okawaru
 30311 | Depths:3 | Reached skill level 16 in Dodging
 30314 | Depths:3 | HP: 101/213 [frost giant/+0 battleaxe of freezing (16)]
 30319 | Depths:3 | Reached XP level 27. HP: 108/219 MP: 8/48
 30391 | Depths:3 | Reached skill level 18 in Maces & Staves
 30401 | Depths:3 | Killed a greater mummy
 30401 | Depths:3 | Reached skill level 24 in Summonings
 30411 | Depths:3 | HP: 108/220 [storm dragon (1)]
 30412 | Depths:3 | Reached skill level 19 in Fighting
 30649 | Depths:3 | Noticed a greater mummy
 30670 | Depths:3 | Killed a greater mummy
 30844 | Depths:3 | Found a gate to the Realm of Zot.
 31145 | Pan      | Entered the realm of Gloorx Vloq.
 31145 | Pan      | Entered Pandemonium
 31973 | Pan      | Noticed Gloorx Vloq
 31983 | Pan      | Killed Gloorx Vloq
 31983 | Pan      | Received a gift from Okawaru
 31983 | Pan      | Reached skill level 17 in Dodging
 31983 | Pan      | Reached skill level 7 in Charms
 31990 | Pan      | HP: 78/223 [flayed ghost/flay_damage[a curse skull] (52)]
 32000 | Pan      | HP: 112/224 [??? (103)]
 32002 | Pan      | HP: 39/224 [??? (32)]
 32007 | Pan      | Reached skill level 8 in Charms
 32165 | Pan      | Received a gift from Okawaru
 32165 | Pan      | Reached skill level 19 in Maces & Staves
 32193 | Pan      | Got a dark rune of Zot
 32320 | Pan      | Entered the realm of Mnoleg.
 32325 | Pan      | Noticed Mnoleg
 32335 | Pan      | Paralysed by a floating eye for 2 turns
 32338 | Pan      | Reached skill level 20 in Fighting
 32376 | Pan      | Killed Mnoleg
 32376 | Pan      | Reached skill level 9 in Charms
 32467 | Pan      | Reached skill level 10 in Charms
 32950 | Pan      | Paralysed by a floating eye for 2 turns
 33045 | Pan      | Got a glowing rune of Zot
 33234 | Pan      | Entered the realm of Cerebov.
 33428 | Pan      | HP: 71/226 [??? (51)]
 33479 | Pan      | HP: 67/226 [??? (51)]
 33504 | Pan      | Gained mutation: You are frail. (-10% HP) [a cacodemon]
 33507 | Pan      | Entered the realm of Lom Lobon.
 34305 | Pan      | Reached skill level 11 in Charms
 34352 | Pan      | Reached skill level 21 in Fighting
 34352 | Pan      | Reached skill level 20 in Maces & Staves
 34413 | Pan      | Noticed Lom Lobon
 34429 | Pan      | Killed Lom Lobon
 34429 | Pan      | Received a gift from Okawaru
 34430 | Pan      | well fuck. my tentacle petrified lom lobon.
 34430 | Pan      | it's like crawl is trying to forgive me for the BS death it did when i got petrified from a tentacle
 34430 | Pan      | sorry. screw you anyway crawl
 34461 | Pan      | Got a magical rune of Zot
 34933 | Pan      | Reached skill level 12 in Charms
 34936 | Pan      | Got the +1 cloak "Jeamp" {rN++ Slay+3}
 35228 | Pan      | Noticed a seraph
 35247 | Pan      | HP: 101/206 [daeva/+5 long sword of holy silver[a seraph] (15)]
 35250 | Pan      | Killed a seraph
 35253 | Pan      | HP: 74/207 [angel/+2 whip of holy silver (25)]
 35266 | Pan      | Found a glowing golden altar of the Shining One.
 35380 | Pan      | Got a demonic rune of Zot
 35599 | Pan      | HP: 96/207 [daeva/divine providence (10)]
 35602 | Pan      | Reached skill level 13 in Charms
 35610 | Pan      | HP: 81/207 [daeva/divine providence (12)]
 35615 | Pan      | HP: 42/207 [daeva/divine providence (12)]
 36123 | Pan      | Reached skill level 22 in Fighting
 36214 | Pan      | Found a glowing silver altar of Zin.
 36511 | Pan      | Found a white marble altar of Elyvilon.
 36556 | Pan      | Reached skill level 21 in Maces & Staves
 36556 | Pan      | Reached skill level 14 in Charms
 36580 | Pan      | HP: 94/207 [apis (27)]
 36581 | Pan      | Reached skill level 25 in Summonings
 37132 | Depths:3 | Escaped Pandemonium
 37171 | Zot:1    | Entered Level 1 of the Realm of Zot
 37182 | Zot:1    | Reached skill level 15 in Charms
 37191 | Zot:1    | Reached skill level 16 in Charms
 37191 | Zot:1    | HP: 103/207 [acid (7)]
 37196 | Zot:1    | HP: 43/207 [acid robin (14)]
 37204 | Zot:1    | HP: 23/207 [acid robin (18)]
 37204 | Zot:1    | Annihilated by an acid robin

Skill      XL: |  1  2  3  4  5  6  7  8  9 10 11 12 13 14 15 16 17 18 19 20 21 22 23 24 25 26 27 |
---------------+----------------------------------------------------------------------------------+-----
Dodging        | 1 2 3 4 5 6 8 9 10 11 13 16 17 | 17.0
Maces & Staves | 2 3 4 5 6 7 9 10 11 12 13 14 15 16 17 21 | 21.1
Armour         | 1 2 3 4 5 6 7 8 9 10 11 12 15 16 17 | 17.0
Fighting       | 3 4 5 7 8 9 11 12 13 14 15 16 17 18 22 | 22.2
Necromancy     | 1 2 3 4 5 6 |  6.0
Charms         | 4 5 6 16 | 16.0
Summonings     | 1 3 4 6 8 10 11 12 14 17 18 19 20 21 22 23 25 | 25.0
Invocations    | 3 6 9 10 11 12 14 15 | 15.0
Shields        | 1 4 5 6 7 8 10 11 | 11.0
Translocations | 3 4 5 6 8 10 12 | 12.0
Evocations     | 3 5 6 7 9 11 12 | 12.6
Ice Magic      | 3 6 |  6.0

Action                   |  1- 3 |  4- 6 |  7- 9 | 10-12 | 13-15 | 16-18 | 19-21 | 22-24 | 25-27 || total
-------------------------+-------+-------+-------+-------+-------+-------+-------+-------+-------++-------
Melee: Mace              |    66 |   166 |   306 |       |       |       |       |       |       ||   538
       Flail             |       |       |    65 |   161 |       |       |       |       |       ||   226
       Staff             |       |       |       |   252 |   557 |   680 |   824 |   690 |   443 ||  3446
       Punch             |       |       |       |     2 |       |       |       |       |       ||     2
       Kick              |       |       |       |    34 |   233 |   258 |   341 |   351 |   506 ||  1723
       Demon whip        |       |       |       |       |       |       |       |       |   736 ||   736
Throw: Poisoned dart     |       |       |    19 |    18 |       |     1 |       |       |       ||    38
       Javelin           |       |       |       |       |       |     6 |       |     1 |       ||     7
 Cast: Infusion          |     1 |       |     1 |       |       |       |       |       |       ||     2
       Regeneration      |       |       |     1 |       |       |       |     1 |       |       ||     2
       Song of Slaying   |       |       |     1 |       |       |       |     1 |       |       ||     2
       Spectral Weapon   |       |       |       |     1 |       |     1 |     1 |       |       ||     3
       Summon Demon      |       |       |       |       |     4 |     5 |     1 |       |     1 ||    11
       Shadow Creatures  |       |       |       |       |       |    15 |     4 |     2 |     3 ||    24
       Monstrous Menager |       |       |       |       |       |     6 |     7 |     4 |       ||    17
       Summon Horrible T |       |       |       |       |       |       |     2 |    34 |    47 ||    83
       Ozocubu's Armour  |       |       |       |       |       |       |       |     1 |       ||     1
       Malign Gateway    |       |       |       |       |       |       |       |     1 |    14 ||    15
Invok: Finesse           |       |       |       |       |       |     3 |     4 |       |     3 ||    10
 Abil: End Infusion      |       |       |     1 |       |     1 |       |       |       |       ||     2
       End Spectral Weap |       |       |       |       |     1 |       |       |       |       ||     1
       Hurl Damnation    |       |       |       |       |       |       |     8 |     3 |    13 ||    24
Evoke: Wand              |       |       |       |     9 |     4 |     1 |     3 |     1 |     1 ||    19
       Lamp of fire      |       |       |       |       |       |     1 |     2 |     2 |     3 ||     8
       Staff of Olgreb   |       |       |       |       |       |     4 |    10 |     3 |     2 ||    19
       Sack of spiders   |       |       |       |       |       |     3 |     1 |       |       ||     4
       Disc of storms    |       |       |       |       |       |       |    48 |     5 |     3 ||    56
       Phial of floods   |       |       |       |       |       |       |       |       |     3 ||     3
       Box of beasts     |       |       |       |       |       |       |       |       |     1 ||     1
       Phantom mirror    |       |       |       |       |       |       |       |       |     1 ||     1
  Use: Potion            |       |       |       |     2 |     1 |     6 |     3 |     2 |     4 ||    18
       Scroll            |       |       |       |     1 |     1 |     8 |     4 |    11 |    18 ||    43
 Stab: Distracted        |       |       |     1 |     2 |     3 |    11 |    18 |    22 |    21 ||    78
       Paralysed         |       |       |       |     1 |       |     1 |     1 |     2 |     2 ||     7
       Sleeping          |       |       |       |       |     8 |    18 |     6 |       |       ||    32
       Confused          |       |       |       |       |     2 |     2 |       |       |     2 ||     6
       Petrified         |       |       |       |       |       |       |       |       |     5 ||     5
Armor: Leather armour    |    13 |       |       |       |       |       |       |       |       ||    13
       Ring mail         |     4 |    58 |   110 |    68 |       |       |       |       |       ||   240
       Skin              |       |       |       |    32 |       |       |       |       |       ||    32
       Troll leather arm |       |       |       |     8 |    67 |    83 |   116 |   104 |   217 ||   595
       Robe              |       |       |       |       |       |     8 |       |       |       ||     8
       Plate armour      |       |       |       |       |       |       |     2 |       |       ||     2
Dodge: Dodged            |    39 |   107 |   167 |   187 |   245 |   317 |   339 |   266 |   532 ||  2199
Block: Other             |       |    29 |    96 |    35 |       |       |       |       |       ||   160
       Buckler           |       |       |       |    15 |   195 |    74 |       |       |       ||   284
       Reflection        |       |       |       |     2 |    10 |    45 |    64 |    58 |    90 ||   269
       Shield            |       |       |       |       |       |   228 |   473 |   420 |   865 ||  1986
